 Dungeon Crawl Stone Soup version 0.29.1-1-gd02db6906a (console) character file.

Game seed: 2854385999349769142

1393484 erker the Bringer of Light (level 27, -3/169 HPs)
             Began as a Gargoyle Warper on Oct 15, 2022.
             Was the Champion of the Shining One.
             Killed from afar by dunno567's ghost (50 damage)
             ... with a great blast of fire
             ... on level 21 of a ziggurat on Oct 18, 2022.
             The game lasted 11:39:15 (113489 turns).

erker the Bringer of Light (Gargoyle Warper)      Turns: 113489, Time: 11:39:16

Health: -3/169     AC: 37    Str: 23 (25) XL:     27
Magic:  2/52       EV: 13    Int: 36      God:    the Shining One [******]
Gold:   18238      SH: 46    Dex:  4      Spells: 9/76 levels left

rFire   + + +      SeeInvis .   b - +9 broad axe (holy)
rCold   . . .      Faith    .   y - +4 tower shield "Sycualis" {rPois Int+3 Slay+4}
rNeg    + + +      Spirit   .   B - +1 robe of Vines {NoPotionHeal Regen++++}
rPois   ∞          Reflect  +   l - +2 helmet {Int+3}
rElec   +          Harm     .   t - scarf {repulsion}
rCorr   .          Rampage  +   p - +3 pair of gauntlets of War {Slay+5}
Will    +++..                   e - +2 pair of boots {rampage}
Stlth   +.........              Z - amulet of Isuy {Reflect rF+ Will+ Regen+ Str+2 Dex-5 SH+5}
HPRegen 4.38/turn               G - ring of Xulirih {Str+6 Slay+4}
MPRegen 0.33/turn               w - ring of Fragile Peace {rF+ Int+4 Slay+4}

@: divinely shielded, wereblooded, attractive, flying, very slightly
contaminated, glowing, studying 5 skills, repel missiles
A: sickness immunity, AC +20, big wings, negative energy resistance 1,
electricity resistance, torment resistance 1, petrification resistance, deformed
body, deterioration 2, fire resistance 1, frail 1
0: Orb of Zot
}: 15/15 runes: serpentine, barnacled, slimy, silver, golden, iron, obsidian,
icy, bone, abyssal, demonic, glowing, magical, fiery, dark
a: Renounce Religion, Divine Shield, Cleansing Flame, Summon Divine Warrior


You were on level 21 of a ziggurat.
You worshipped the Shining One.
The Shining One was exalted by your worship.
You visited 18 branches of the dungeon, and saw 88 of its levels.
You visited Pandemonium 1 time, and saw 16 of its levels.
You visited the Abyss 2 times.
You visited 1 bazaar.
You visited 2 ziggurats, and saw 36 of their levels (deepest: 21).
You also visited: Sewer, Bailey, Ice Cave, Volcano, Wizlab and Desolation.

You collected 23362 gold pieces.
You spent 5124 gold pieces at shops.

Inventory:

Hand Weapons
 a - the +8 mithril axe "Arga" {speed, Will+}
   (You found it in a bailey)

   Attacks with this weapon are significantly faster.
   Will:      It increases your willpower.
 b - a +9 broad axe of holy wrath (weapon)
Missiles
 d - 11 curare-tipped darts
Armour
 e - a +2 pair of boots of rampaging (worn)
 l - a +2 helmet of intelligence (worn)
 p - the +3 pair of gauntlets of War (worn) {Slay+5}
   (You found it on level 3 of the Elven Halls)

   Slay:      It affects your accuracy & damage with ranged weapons and melee
   (+5).
 t - a scarf of repulsion (worn)
 y - the +4 tower shield "Sycualis" (worn) {rPois Int+3 Slay+4}
   (You found it on level 3 of the Elven Halls)

   Int:       It affects your intelligence (+3).
   Slay:      It affects your accuracy & damage with ranged weapons and melee
   (+4).
   rPois:     It protects you from poison.
 B - the +1 robe of Vines (worn) {NoPotionHeal Regen++++}
   (You found it on level 7 of Gehenna)

   Its wearer cannot be healed by potions.
   Regen:     It increases your rate of health regeneration.
 W - the +7 chain mail of the Stallion {Dex+8 Slay+5 Stlth-}
   (You found it on level 7 of the Iron City of Dis)

   Dex:       It affects your dexterity (+8).
   Slay:      It affects your accuracy & damage with ranged weapons and melee
   (+5).
   Stlth:     It makes you less stealthy.
 Y - the +4 ring mail "Qokik" {Drain rC- Will+++ rCorr}
   (You found it in Pandemonium)

   rC:        It makes you vulnerable to cold.
   rCorr:     It protects you from acid and corrosion.
   Drain:     It drains your maximum health when unequipped.
   Will:      It greatly increases your willpower.
Jewellery
 j - the amulet of Vitality {RegenMP++ Regen++}
   (You found it on level 20 of a ziggurat)

   [amulet of magic regeneration]

   It increases your rate of magic regeneration.
   Regen:     It increases your rate of health regeneration.
   The Shining One disapproves of the use of such an item.
 o - the ring "Vuny" {rElec Will+ Str+6 Dex+4}
   (You found it on level 17 of a ziggurat)

   [ring of strength]

   Str:       It affects your strength (+6).
   Dex:       It affects your dexterity (+4).
   rElec:     It insulates you from electricity.
   Will:      It increases your willpower.
 v - the amulet of the Enemy {Reflect rF++ rCorr SH+5}
   (You took it off a deep elf pyromancer on level 3 of the Elven Halls)

   [amulet of reflection]

   It reflects blocked missile attacks.
   rF:        It greatly protects you from fire.
   rCorr:     It protects you from acid and corrosion.
   SH:        It affects your SH (+5).
 w - the ring of Fragile Peace (right hand) {rF+ Int+4 Slay+4}
   (You found it in the Desolation of Salt)

   [ring of slaying]

   Int:       It affects your intelligence (+4).
   Slay:      It affects your accuracy & damage with ranged weapons and melee
   (+4).
   rF:        It protects you from fire.
 G - the ring of Xulirih (left hand) {Str+6 Slay+4}
   (You took it off a yaktaur captain on level 5 of the Vaults)

   [ring of slaying]

   Str:       It affects your strength (+6).
   Slay:      It affects your accuracy & damage with ranged weapons and melee
   (+4).
 K - the ring "Qyvoclig" {rF+ rC+ EV+4 Str-3 Dex+8}
   (You found it on level 5 of the Vaults)

   [ring of evasion]

   EV:        It affects your evasion (+4).
   Str:       It affects your strength (-3).
   Dex:       It affects your dexterity (+8).
   rF:        It protects you from fire.
   rC:        It protects you from cold.
 N - the amulet of Eternal Night {Reflect Fly rC+ rN+ Dex+3 SH+5}
   (You found it on level 8 of a ziggurat)

   [amulet of reflection]

   It reflects blocked missile attacks.
   Dex:       It affects your dexterity (+3).
   rC:        It protects you from cold.
   rN:        It protects you from negative energy.
   Fly:       It grants you flight.
   SH:        It affects your SH (+5).
 Q - the ring of Solehaot {rC+ rCorr MP+9 Dex+3}
   (You found it on level 7 of Gehenna)

   [ring of magical power]

   Dex:       It affects your dexterity (+3).
   rC:        It protects you from cold.
   MP:        It affects your magic capacity (+9).
   rCorr:     It protects you from acid and corrosion.
 X - the ring "Kicealuj" {Drain rPois rF- rN++ Int+2 Slay+3}
   (You found it on level 10 of a ziggurat)

   [ring of poison resistance]

   Int:       It affects your intelligence (+2).
   Slay:      It affects your accuracy & damage with ranged weapons and melee
   (+3).
   rF:        It makes you vulnerable to fire.
   rPois:     It protects you from poison.
   rN:        It greatly protects you from negative energy.
   Drain:     It drains your maximum health when unequipped.
 Z - the amulet of Isuy (around neck) {Reflect rF+ Will+ Regen+ Str+2 Dex-5 SH+5}
   (You found it in Pandemonium)

   [amulet of reflection]

   It reflects blocked missile attacks.
   Str:       It affects your strength (+2).
   Dex:       It affects your dexterity (-5).
   rF:        It protects you from fire.
   Regen:     It increases your rate of health regeneration.
   SH:        It affects your SH (+5).
   Will:      It increases your willpower.
Wands
 z - a wand of digging (7)
 D - a wand of acid (23)
 U - a wand of roots (87)
Scrolls
 c - 12 scrolls of blinking
 h - 11 scrolls of fog
 i - 8 scrolls of summoning
 n - 4 scrolls of vulnerability
 s - 7 scrolls of magic mapping
 u - 6 scrolls of enchant armour
 x - 7 scrolls of silence
 H - 7 scrolls of enchant weapon
 I - 12 scrolls of teleportation
 M - 7 scrolls of amnesia
 R - 14 scrolls of fear
Potions
 f - 29 potions of curing
 g - 14 potions of attraction
 m - 9 potions of haste
 q - 10 potions of mutation
 r - 2 potions of resistance
 A - 5 potions of magic
 F - 15 potions of heal wounds
 J - 7 potions of ambrosia
 L - 2 potions of experience
 P - 5 potions of might
 T - 16 potions of cancellation
 V - 18 potions of brilliance
Miscellaneous
 k - a phantom mirror
 C - a tin of tremorstones (2/2)
 E - a box of beasts
 S - a lightning rod (4/4) (quivered)


   Skills:
 - Level 23.5 Fighting
 + Level 26.0 Axes
 - Level 0.8 Throwing
 - Level 22.0 Armour
 + Level 17.7 Dodging
 + Level 23.7 Shields
 - Level 25.0 Spellcasting
 - Level 12.0 Conjurations
 + Level 25.1 Hexes
 - Level 18.0 Translocations
 - Level 12.0 Transmutations
 - Level 19.0 Fire Magic
 - Level 10.0 Ice Magic
 - Level 11.7 Air Magic
 - Level 8.0 Earth Magic
 O Level 27 Invocations
 - Level 6.0 Evocations


You had 9 spell levels left.
You knew the following spells:

 Your Spells              Type           Power      Damage    Failure   Level
a - Iskenderun's Mystic   Conj/Tloc      100%       2d19      0%          4
b - Blink                 Tloc           100%       N/A       0%          2
d - Dispersal             Tloc           54%        N/A       1%          6
e - Enfeeble              Hex            61%        N/A       1%          7
i - Irradiate             Conj/Tmut      46%        3d27      1%          5
j - Disjunction           Tloc           54%        N/A       2%          8
l - Conjure Ball Lightni  Conj/Air       46%        3x3d16    1%          6
m - Manifold Assault      Tloc           100%       N/A       0%          5
n - Ignition              Fire           55%        3d15      1%          8
o - Ozocubu's Armour      Ice            86%        N/A       1%          3
q - Wereblood             Tmut           92%        N/A       0%          2
w - Passwall              Tmut/Erth      71%        N/A       1%          2
x - Apportation           Tloc           100%       N/A       0%          1
D - Discord               Hex            61%        N/A       1%          8

Your spell library contained the following spells:

 Spells                   Type           Power      Damage    Failure   Level
 Beastly Appendage        Tmut           100%       N/A       0%          1
 Foxfire                  Conj/Fire      100%       2x1d9     0%          1
 Freeze                   Ice            100%       1d11      0%          1
 Magic Dart               Conj           100%       1d8       0%          1
 Shock                    Conj/Air       100%       1d9       0%          1
 Slow                     Hex            100%       N/A       0%          1
 Ensorcelled Hibernation  Hex/Ice        100%       N/A       0%          2
 Scorch                   Fire           100%       2d10      0%          2
 Searing Ray              Conj           100%       2d8       0%          2
 Static Discharge         Conj/Air       92%        3-15/arc  0%          2
 Confusing Touch          Hex            100%       N/A       0%          3
 Conjure Flame            Conj/Fire      100%       6-21      0%          3
 Dazzling Flash           Conj/Hex       100%       N/A       0%          3
 Gell's Gravitas          Tloc           100%       N/A       0%          3
 Inner Flame              Hex/Fire       100%       N/A       0%          3
 Lesser Beckoning         Tloc           100%       N/A       0%          3
 Portal Projectile        Hex/Tloc       100%       N/A       0%          3
 Summon Guardian Golem    Hex/Summ       94%        N/A       0%          3
 Teleport Other           Tloc           100%       N/A       0%          3
 Tukima's Dance           Hex            100%       N/A       0%          3
 Cause Fear               Hex            61%        N/A       0%          4
 Flame Wave               Conj/Fire      100%       2d21      0%          4
 Fulminant Prism          Conj/Hex       54%        3d23      0%          4
 Leda's Liquefaction      Hex/Erth       52%        N/A       0%          4
 Passage of Golubria      Tloc           100%       N/A       0%          4
 Sticky Flame             Conj/Fire      100%       2d11      0%          4
 Metabolic Englaciation   Hex/Ice        53%        N/A       0%          5
 Silence                  Hex/Air        54%        N/A       0%          5
 Yara's Violent Unravell  Hex/Tmut       54%        3d21      0%          5
 Necrotise                Necr           100%       1d9       1%          1
 Sandblast                Erth           100%       2d20      1%          1
 Sting                    Tmut/Pois      100%       1d8       1%          1
 Summon Small Mammal      Summ           100%       N/A       1%          1
 Call Imp                 Summ           45%        N/A       1%          2
 Poisonous Vapours        Pois/Air       100%       N/A       1%          2
 Call Canine Familiar     Summ           45%        N/A       1%          3
 Frozen Ramparts          Ice            100%       1d16      1%          3
 Ignite Poison            Fire/Tmut/Pois 88%        N/A       1%          3
 Mephitic Cloud           Conj/Pois/Air  80%        N/A       1%          3
 Spider Form              Tmut/Pois      73%        N/A       1%          3
 Stone Arrow              Conj/Erth      100%       3d13      1%          3
 Swiftness                Air            92%        N/A       1%          3
 Vampiric Draining        Necr           45%        2d9       1%          3
 Airstrike                Air            46%        2d(7-23)  1%          4
 Anguish                  Hex/Necr       47%        N/A       1%          4
 Animate Armour           Summ/Erth      100%       N/A       1%          4
 Corpse Rot               Necr/Pois/Air  65%        N/A       1%          4
 Hailstorm                Conj/Ice       90%        3d18      1%          4
 Ice Form                 Ice/Tmut       90%        N/A       1%          4
 Petrify                  Tmut/Erth      86%        N/A       1%          4
 Summon Ice Beast         Ice/Summ       69%        N/A       1%          4
 Summon Lightning Spire   Summ/Air       72%        N/A       1%          4
 Alistair's Intoxication  Tmut/Pois      48%        N/A       1%          5
 Blade Hands              Tmut           46%        N/A       1%          5
 Fireball                 Conj/Fire      51%        3d20      1%          5
 Freezing Cloud           Conj/Ice/Air   45%        6-21      1%          5
 Iskenderun's Battlesphe  Conj           92%        2d14      1%          5
 Lee's Rapid Deconstruct  Erth           40%        3d21*     1%          5
 Lightning Bolt           Conj/Air       46%        1d66      1%          5
 Summon Forest            Summ/Tloc      41%        N/A       1%          5
 Summon Mana Viper        Hex/Summ       94%        N/A       1%          5
 Iron Shot                Conj/Erth      43%        9d8       1%          6
 Starburst                Conj/Fire      51%        6d14      1%          6
 Borgnjor's Vile Clutch   Necr/Erth      32%        N/A       3%          5
 Dragon Form              Tmut           46%        N/A       4%          7
 Storm Form               Tmut/Air       46%        N/A       4%          7
 Dispel Undead            Necr           45%        3d17      7%          4
 Olgreb's Toxic Radiance  Pois           45%        N/A       7%          4
 Eringya's Noxious Bog    Tmut/Pois      36%        N/A       9%          6
 Ozocubu's Refrigeration  Ice            43%        4d17      10%         7
 Simulacrum               Ice/Necr       34%        N/A       14%         6
 Agony                    Necr           45%        N/A       19%         5
 Maxwell's Capacitive Co  Air            46%        ∞         36%         8
 Spellforged Servitor     Conj/Summ      36%        N/A       45%         7
 Lehudib's Crystal Spear  Conj/Erth      43%        10d10     58%         8
 Summon Cactus Giant      Summ           22%        N/A       71%         6
 Fire Storm               Conj/Fire      51%        8d13      77%         9
 Necromutation            Tmut/Necr      36%        N/A       98%         8
 Haunt                    Necr/Summ      22%        N/A       99%         7
 Monstrous Menagerie      Summ           22%        N/A       99%         7
 Summon Hydra             Summ           22%        N/A       99%         7
 Chain Lightning          Conj/Air       46%        3d61      99%         9
 Dragon's Call            Summ           22%        N/A       100%        9
 Polar Vortex             Ice            43%        N/A       100%        9
 Shatter                  Erth           40%        3d31*     100%        9
 Sublimation of Blood     Necr           Unusable   N/A       N/A         2
 Statue Form              Tmut/Erth      Unusable   N/A       N/A         6

Dungeon Overview and Level Annotations

Branches:
Dungeon (15/15)            Temple (1/1) D:4            Lair (5/5) D:9
 Shoals (4/4) Lair:2        Snake (4/4) Lair:3        Slime (5/5) Lair:4
    Orc (2/2) D:11            Elf (3/3) Orc:2        Vaults (5/5) D:14
  Crypt (3/3) Vaults:3       Tomb (3/3) Crypt:3      Depths (4/4) D:15
   Hell (visited)             Dis (7/7) Hell            Geh (7/7) Hell
    Coc (7/7) Hell            Tar (7/7) Hell            Zot (5/5) Depths:4
  Sewer (visited)          Bailey (visited)           IceCv (visited)
Volcano (visited)          WizLab (visited)         Desolation (visited)

Altars:
Ashenzari
Cheibriados
Dithmenos
Elyvilon
Fedhas
Gozag
Hepliaklqana
Kikubaaqudgha
Makhleb
Nemelex Xobeh
Okawaru
Qazlal
Ru
Sif Muna
Trog
Uskayaw
Vehumet
Wu Jian
Xom
Yredelemnul
Zin
The Shining One
Jiyva

Shops:
Orc:2 [*(=   Elf:3 [   Shoals:2 :   Shoals:3 (   Snake:3 !*   Vaults:2 ?
Vaults:3 =   Vaults:4 (   Vaults:5 =   Depths:1 *

Portals:
Hell: Depths:1 Depths:3 Depths:4
Abyss: Depths:3
Pandemonium: Depths:2 Depths:4

Annotations:
D:2 1 runed translucent door, Crazy Yiuf
D:3 2 exclusions
Lair:4 1 exclusion
Depths:4 5 runed translucent doors
Zot:3 4 runed translucent doors
Zig:21 dunno567's ghost, legendary GnWr


Innate Abilities, Weirdness & Mutations

You are immune to sickness and miasma.
Your stone body is resilient. (AC +20)
You are immune to poison.
Your large and strong wings let you fly.
You resist negative energy. (rN+)
You are resistant to electric shocks. (rElec)
You are resistant to unholy torment.
You are immune to petrification.
Armour fits poorly on your strangely shaped body.
Your body often deteriorates upon taking damage.
Your flesh is heat resistant. (rF+)
You are frail. (-10% HP)


Message History

You feel your strength returning.
You cut the fire vortex into ribbons!!!
The fire vortex dissipates!
You slash dunno567's ghost!
Dunno567's ghost convulses.
Your body deteriorates!
You feel weakened.
Dunno567's ghost points at you and mumbles some strange words.
A raging storm of fire appears!
The great blast of fire engulfs you!!! You partially resist.
The great blast of fire engulfs dunno567's ghost!
Dunno567's ghost partially resists.
The fire vortex is attracted toward you. x3 8 fire vortices come into view.
Activating: Cleansing Flame (0% risk of failure)
Press: ? - help, Dir - look around, f - activate The golden flame engulfs you but does no damage.
The golden flame engulfs the fire vortex!!!
The fire vortex dissipates!
The golden flame engulfs dunno567's ghost but does no damage.
Dunno567's ghost is almost destroyed.
The golden flame engulfs the fire vortex!!!
The fire vortex dissipates!
The golden flame engulfs the fire vortex!!!
The fire vortex dissipates!
The golden flame engulfs the fire vortex!!!
The fire vortex dissipates!
The golden flame engulfs the fire vortex!!!
The fire vortex dissipates!
The golden flame engulfs the fire vortex!
The fire vortex is severely damaged.
The golden flame engulfs the fire vortex!
The fire vortex is moderately damaged.
The golden flame engulfs the fire vortex!!
The fire vortex is almost destroyed.
You are engulfed in whirling frost.
* * * LOW HITPOINT WARNING * * *
The fire vortex dissipates! x3
Dunno567's ghost points at you and mumbles some strange words.
A raging storm of fire appears!
The great blast of fire engulfs you!!! You partially resist.
You die...

..........▓▓▓▓▓▓▓▓▓▓▓▓
.....................▓
........§............▓
.............§§§§)§§§▓
........§...§§§§§§§§§▓
.......§§...§§§§○§°§§▓
......Z.§...§§§○@○☼§§▓
........Z...§§§§W§§§§▓
........Z...§§§§§§○§§▓
............§§§§○§§§§▓
............§§§§§§§§§▓
......°z....§§§§§§§§)▓
........6............▓
.....................▓
..........▓▓▓▓▓▓▓▓▓▓▓▓


You could see dunno567's ghost (vortex).

Vanquished Creatures
  Cerebov (Pan)
  The ghost of Ashen the Cryomancer, a legendary DsFE of Makhleb (Zig:21)
  Asmodeus (Geh:7)
  the Royal Jelly (Slime:5)
  Ereshkigal (Tar:7)
  Ignacio (Pan)
  A seraph (Pan)
  Gloorx Vloq (Pan)
  The ghost of Motirgh the Ruinous, a legendary DgHW (Zig:21)
  The ghost of CoolPlay the Sorcerer, a legendary MeEE of Cheibriados (Zig:21)
  Lom Lobon (Pan)
  Mnoleg (Pan)
  The ghost of Kucykkydd the Axe Maniac, a legendary MiFi of Gozag (Zig:21)
  5 orbs of fire (Zot:5)
  Tiamat (Zot:4)
  13 dread liches
  12 ancient liches
  Mennas (Pan)
  Dispater (Dis:7)
  16 pandemonium lords
  The ghost of thechecker02 the Slayer, a master DDFi of Makhleb (Zig:21)
  3 juggernauts
  22 royal mummies
  Boris (Crypt:1)
  8 Killer Klowns
  32 shard shrikes
  Parghit (Zot:2)
  The ghost of Nicoed the Axe Maniac, a veteran MiFi of the Shining One (Zig:21)
  Margery (Vaults:2)
  Bai Suzhen (Crypt:3)
  Xtahua (Crypt:3)
  Geryon (Hell)
  14 golden dragons
  10 caustic shrikes
  Nikola (Vaults:2)
  11 profane servitors
  2 electric golems
  18 bone dragons
  A pearl dragon (Pan)
  31 Tzitzimimeh
  2 spectral shard shrikes
  22 Brimstone Fiends
  A shard shrike zombie (Crypt:2)
  11 doom hounds
  27 hellephants
  18 iron giants
  36 Hell Sentinels
  14 tentacled monstrosities
  12 liches
  The ghost of WiseOSalty the Warrior, an adept DsFi of Qazlal (Elf:3)
  23 tainted leviathans
  Mlioglotl (Shoals:1)
  The ghost of Iroabiw the Severer, an adept HOMo of Beogh (Depths:2)
  13 titans
  26 Ice Fiends
  31 Orb Guardians
  A walking crystal tome (Depths:2)
  A walking divine tome (Depths:3)
  10 quicksilver dragons
  16 searing wretches
  Grunn (Crypt:1)
  27 ancient champions
  2 deep elf blademasters (Elf:3)
  3 deep elf master archers (Elf:3)
  10 sphinxes
  A kraken (Shoals:4)
  An eldritch tentacle (Zig:11)
  Frances (D:12)
  Murray (Hell)
  Polyphemus (Shoals:3)
  12 death cobs
  36 Executioners
  42 acid blobs
  3 tentacled starspawn (Abyss:3)
  The ghost of dunno567 the Brawler, an adept TrFi of Gozag (Snake:3)
  12 shadow dragons
  The ghost of Inkqbe the Acrobat, an adept FeSu of Jiyva (Depths:1)
  A thorn hunter (Zig:7)
  11 revenants
  Donald (Shoals:1)
  11 nagarajas
  8 tengu reavers
  Roxanne (Shoals:4)
  15 narguns
  9 storm dragons
  9 demonspawn warmongers (Pan)
  29 azure jellies
  5 draconian monks
  16 rockslimes
  13 vault wardens
  16 daevas
  29 cacodemons
  21 fire giants
  5 iron dragons
  5 draconian knights
  6 deep elf sorcerers
  9 frost giants
  12 draconian scorchers
  A caustic shrike zombie (Crypt:3)
  2 orc warlords
  7 shard shrike simulacra
  2 imperial myrmidons (Desolation)
  A juggernaut zombie (Crypt:2)
  4 curse skulls
  7 ghouls (Crypt:2)
  7 draconian shifters
  2 spectral caustic shrikes (Tar:1)
  An emperor scorpion (Zig:10)
  10 ghost moths
  10 quicksilver elementals
  Louise (D:14)
  53 balrugs
  Aizul (Elf:1)
  10 demonspawn blood saints
  8 draconian stormcallers
  6 deep elf elementalists
  21 angels
  11 ironbound preservers
  8 vampire knights
  14 demonspawn corrupters
  A spectral juggernaut (Tar:3)
  35 war gargoyles
  18 quicksilver oozes
  A caustic shrike skeleton (Crypt:3)
  9 draconian annihilators
  24 reapers
  4 juggernaut skeletons
  39 very ugly things
  11 ophanim
  2 eleionomae
  8 ironbound thunderhulks
  14 stone giants
  20 apis (Pan)
  6 bennus
  12 green draconians
  14 demonspawn black suns
  9 dire elephants
  22 lorocyprocas
  29 putrid mouths
  19 wendigos
  6 purple draconians
  11 deep elf annihilators
  18 black draconians
  10 deep elf demonologists
  3 spark wasps (Depths:2)
  10 white draconians
  12 yellow draconians
  22 elemental wellsprings
  A bunyip (shapeshifter) (Vaults:5)
  7 entropy weavers
  15 red draconians
  4 halazid warlocks (Tar:1)
  Snorg (Lair:5)
  20 iron golems
  3 spectral quicksilver dragons
  18 eidola
  25 blizzard demons
  11 deep elf death magi
  11 merfolk impalers
  13 mummy priests
  26 green deaths
  15 ettins
  8 ragged hierophants
  Josephine (Lair:4)
  8 jiangshi
  2 kraken zombies (Hell)
  9 fire dragons
  3 merfolk javelineers (Shoals:4)
  5 spriggan zombies
  5 deep elf high priests
  3 crystal guardians
  A spectral spriggan (Tar:2)
  The ghost of sankara the Severer, a journeyman HOFi of Makhleb (Lair:2)
  The ghost of Garym the Fighter, a journeyman MiBe of Trog (D:12)
  3 shambling mangroves
  Harold (D:9)
  11 servants of whispers (Desolation)
  25 great orbs of eyes
  20 yaktaur captains
  9 hell beasts
  A quicksilver dragon skeleton (Crypt:3)
  11 ice dragons
  3 salamander tyrants
  7 boulder beetles
  Fannar (Lair:2)
  3 ironbound frosthearts
  30 vault guards
  The ghost of t4s4d4r the Martial Artist, a journeyman KoAr of Jiyva (D:12)
  5 juggernaut simulacra
  18 peacekeepers
  22 hydras
  A radroach (Zig:5)
  4 spriggan air magi
  A ghost crab (Zig:13)
  7 caustic shrike simulacra
  6 rakshasas
  2 centaur warriors (D:13)
  6 merfolk aquamancers
  2 merfolk avatars
  5 stokers
  Erica (D:9)
  2 ogre magi
  2 alligator snapping turtles (Shoals:4)
  2 jorogumos
  5 catoblepae
  A satyr (Shoals:2)
  2 spectral stone giants
  13 anacondas
  16 naga warriors
  An alligator (Zig:7)
  10 two-headed ogres
  19 death yaks
  A satyr (shapeshifter) (D:14)
  3 spectral dire elephants (Tar:1)
  A death knight (Crypt:2)
  9 tengu warriors
  12 death scarabs
  26 hell hogs
  3 titan zombies (Crypt:3)
  6 deep troll shamans
  5 deep troll earth magi
  10 orc high priests
  11 vampire magi
  2 thrashing horrors (Abyss:3)
  32 dancing weapons
  11 crystal echidnas
  9 shock serpents
  2 spriggan berserkers
  91 sun demons
  15 deep elf knights
  12 hell knights
  2 wretched stars (Abyss:3)
  14 naga sharpshooters
  42 soul eaters
  3 titan skeletons
  8 iron trolls
  3 storm dragon zombies
  A fire crab (Elf:1)
  22 shadow wraiths
  8 skeletal warriors
  30 sixfirhies
  2 spectral bunyips (Tar:1)
  7 salamander mystics
  A spectral anaconda (Tar:4)
  A bunyip zombie (Crypt:1)
  2 spatial maelstroms (Abyss:3)
  9 cherubim (Pan)
  13 sea snakes
  2 pharaoh ants
  2 anaconda zombies
  2 spriggan druids (Zig:12)
  10 naga ritualists
  A steelbarb worm (Zig:10)
  2 flayed ghosts
  4 swamp dragons
  28 deep trolls
  A steelbarb worm (shapeshifter) (Vaults:5)
  8 glowing orange brains
  A tengu zombie (Crypt:1)
  An orb spider (Zig:10)
  4 bog bodies
  28 ironbound convokers
  11 shadow demons
  2 spectral iron dragons
  2 obsidian statues
  A bunyip skeleton (Crypt:1)
  A death drake (Zig:6)
  6 quicksilver dragon simulacra
  An iron giant skeleton (Crypt:3)
  2 anaconda skeletons (Crypt:3)
  A kraken simulacrum (Shoals:4)
  9 starcursed masses
  7 lindwurms
  30 phantasmal warriors
  7 spriggan simulacra
  A wolf spider zombie (D:12)
  9 deep elf archers
  14 harpies
  10 wizards
  54 large abominations
  2 spectral ettins
  8 orc knights
  22 necromancers
  2 wolf spiders (Zig:10)
  28 deep elf pyromancers
  25 deep elf zephyrmancers
  A sphinx zombie (Zig:16)
  A stone giant zombie (Vaults:2)
  37 ugly things
  12 mana vipers
  A glowing shapeshifter (Depths:4)
  21 salamanders
  13 cyclopes
  A worldbinder (Abyss:3)
  A human zombie (Vaults:2)
  11 orc sorcerers
  21 shining eyes
  38 moths of wrath
  14 fauns
  A shadow dragon skeleton (Pan)
  A cyclops (shapeshifter) (Vaults:5)
  2 sphinx skeletons
  3 stone giant skeletons (Pan)
  A wolf spider (shapeshifter) (Zot:3)
  2 salamanders (shapeshifter)
  9 manticores
  2 toenail golems
  A spectral alligator snapping turtle (Tar:1)
  3 will-o-the-wisps
  10 merfolk sirens
  A draconian skeleton (Crypt:1)
  45 black mambas
  9 rust devils
  8 water nymphs
  3 elephants (Abyss:3)
  3 ice statues
  41 smoke demons
  A water nymph (shapeshifter) (Elf:3)
  5 titan simulacra
  An apocalypse crab (Abyss:2)
  8 molten gargoyles
  36 orange demons
  2 dire elephant zombies (Crypt:3)
  A centaur skeleton (Crypt:3)
  12 centaur zombies
  8 gargoyles
  7 torpor snails
  6 eyes of devastation
  11 guardian serpents
  A cane toad (shapeshifter) (D:13)
  26 vault sentinels
  A dire elephant skeleton (Crypt:3)
  27 cane toads
  21 naga magi
  31 hellions
  An alligator snapping turtle skeleton (Pan)
  8 efreet
  9 unseen horrors
  A sea snake zombie (Hell)
  7 spectral nagas
  2 kobold demonologists
  21 yaktaurs
  2 anaconda simulacra
  3 bunyip simulacra
  11 rime drakes
  A rime drake (shapeshifter) (D:14)
  7 ice devils
  A golden dragon simulacrum (Coc:5)
  9 demonic crawlers
  7 tengu conjurers
  16 freezing wraiths
  An iron giant simulacrum (Coc:2)
  18 komodo dragons
  An ancient zyme (Abyss:4)
  A hydra zombie (Hell)
  41 hellwings
  3 spectral harpies
  17 guardian mummies
  A sea snake skeleton (Hell)
  A yaktaur skeleton (Vaults:2)
  A silent spectre (Tar:6)
  32 tormentors
  6 red devils
  10 trolls
  2 tyrant leeches (Lair:5)
  A bloated husk (Zig:13)
  A meliai (shapeshifter) (D:14)
  5 meliai
  A mana viper zombie (Crypt:2)
  2 harpy zombies
  A tarantella (shapeshifter) (Zig:11)
  32 merfolk
  3 harpy skeletons
  A tarantella (Zig:5)
  9 wind drakes
  70 saltlings
  A stone giant simulacrum (Coc:5)
  131 slime creatures
  19 blink frogs
  10 polar bears
  6 raiju (Abyss:3)
  An alligator zombie (Hell)
  3 jumping spiders
  7 snapping turtles
  A hydra skeleton (Pan)
  14 dream sheep
  A deep troll zombie (Vaults:1)
  4 iron dragon simulacra
  Sigmund (D:4)
  3 shadows
  8 spriggans
  7 hornets
  A centaur simulacrum (D:13)
  A culicivora (Zig:3)
  A culicivora (shapeshifter) (Vaults:5)
  An alligator skeleton (Hell)
  4 flying skulls (Abyss:3)
  4 air elementals
  6 fire bats (Volcano)
  35 ynoxinuls (Pan)
  4 dire elephant simulacra
  A fire dragon skeleton (Pan)
  6 fire elementals
  2 ettin skeletons
  14 wraiths
  3 vampires
  6 wyverns
  27 water elementals
  14 ushabtiu
  27 golden eyes
  A steam dragon (D:7)
  49 yaks
  5 basilisks
  A human (shapeshifter) (D:15)
  An alligator snapping turtle simulacrum (Crypt:2)
  An elf skeleton (Vaults:1)
  32 neqoxecs
  12 vampire mosquitoes
  3 redbacks
  9 spatial vortices (Abyss:3)
  15 chaos spawn
  5 wargs
  16 harpy simulacra
  48 nagas
  18 water moccasins
  A demonspawn zombie (Crypt:1)
  2 hydra simulacra
  2 acid dragons
  A glowing shapeshifter zombie (Crypt:2)
  17 hell hounds
  A fire bat skeleton (Crypt:1)
  3 floating eyes
  47 orc warriors
  2 human skeletons
  A sky beast (D:7)
  A glowing shapeshifter skeleton (Crypt:1)
  2 naga skeletons (Crypt:3)
  9 small abominations
  2 swamp drakes (Zig:6)
  2 ice beasts (D:7)
  A cane toad skeleton (Crypt:1)
  A black mamba simulacrum (Crypt:1)
  A black bear (D:5)
  3 boggarts (Vaults:2)
  8 ogres
  A swamp dragon zombie (Crypt:1)
  An alligator simulacrum (Hell)
  3 ettin simulacra
  A swamp dragon skeleton (Crypt:1)
  A blink frog zombie (Crypt:2)
  10 centaurs
  29 wolves
  A rime drake zombie (Crypt:2)
  2 phantoms
  A kobold brigand (D:8)
  14 bullfrogs
  4 necrophages
  3 naga simulacra
  2 scorpions (D:5)
  3 earth elementals
  7 wyvern skeletons (Crypt:3)
  8 wights
  6 spriggan skeletons
  9 electric eels
  6 lava snakes
  2 quasits
  A hound (D:6)
  3 jellies (Lair:4)
  A gnoll bouda (D:4)
  32 orc priests
  An iron imp (Abyss:3)
  Ijyb (D:4)
  30 orc wizards
  7 hell rats (Lair:1)
  2 lightning spires (WizLab)
  A naga zombie (Crypt:1)
  A deep dwarf skeleton (Crypt:1)
  A tengu skeleton (Crypt:1)
  33 mummies
  Robin (D:4)
  25 gnolls
  10 adders
  5 river rats
  A shadow imp (D:6)
  16 white imps
  4 ufetubi
  3 worms
  6 dart slugs
  79 orcs
  21 ball pythons
  6 bats
  9 endoplasms
  5 giant cockroaches
  16 hobgoblins
  2 jackals (D:2)
  24 kobolds
  5 quokkas
  3 training dummies (Elf:3)
  3 frilled lizards
  19 goblins
  A kobold skeleton (Crypt:1)
  24 rats
  A ball lightning (Pan)
  3 butterflies (Zot:3)
  2 creeping infernos
  36 fire vortices
  3 starspawn tentacles (Abyss:3)
  5 tentacles
4879 creatures vanquished.

Vanquished Creatures (collateral kills)
  Antaeus (Coc:7)
  3 pandemonium lords
  Boris (Zig:18)
  4 royal mummies
  Vv (Depths:3)
  2 caustic shrikes (Zig:12)
  A curse toe (Zig:21)
  A pearl dragon (Pan)
  A bone dragon (Zig:15)
  A Tzitzimitl (Zig:10)
  2 Brimstone Fiends (Zig:20)
  5 Ice Fiends
  2 searing wretches (Zig:19)
  A lich (Zig:15)
  3 titans
  An acid blob (Zig:18)
  3 Executioners
  4 ancient champions
  2 demonspawn warmongers (Zig:20)
  An azure jelly (Zig:18)
  A frost giant (Vaults:5)
  A fire giant (Zig:19)
  8 balrugs (Zig:19)
  A cacodemon (Zig:20)
  A ghost moth (Zig:13)
  6 angels (Pan)
  2 reapers
  2 ophanim (Pan)
  A stone giant (Depths:3)
  3 demonspawn corrupters
  3 demonspawn blood saints (Zig:20)
  2 draconian annihilators (Pan)
  3 apis (Pan)
  A very ugly thing (Vaults:5)
  4 bennus
  An entropy weaver (Vaults:5)
  A lorocyproca (Zig:20)
  3 demonspawn black suns
  2 deep elf annihilators (Pan)
  A merfolk javelineer (Shoals:4)
  A spark wasp (Zig:13)
  4 eidola
  A blizzard demon (Zig:14)
  An ettin (Vaults:5)
  11 mummy priests
  A jiangshi (Zig:15)
  A yaktaur captain (Vaults:5)
  5 vault guards (Vaults:5)
  4 green deaths
  2 deep elf high priests (Zig:11)
  A boulder beetle (Zig:13)
  2 catoblepae (Zig:12)
  5 hell beasts
  An alligator snapping turtle (Shoals:4)
  An anaconda (Snake:4)
  3 hydras (Zig:12)
  A jorogumo (Zig:13)
  2 merfolk avatars (Shoals:4)
  41 death scarabs
  A death yak (Zig:12)
  2 dancing weapons (Zig:11)
  2 sun demons (Zig:14)
  5 pharaoh ants (Zig:13)
  6 cherubim (Pan)
  2 orb spiders (Zig:13)
  A sixfirhy (Zig:20)
  A quicksilver dragon simulacrum (Coc:7)
  2 shadow demons
  2 flayed ghosts (Zig:15)
  3 skeletal warriors
  2 deep elf archers (Zig:11)
  A harpy (Shoals:4)
  An ironbound convoker (Vaults:5)
  A deep elf pyromancer (Zig:11)
  A shining eye (Zig:18)
  An ugly thing (D:13)
  A shadow dragon skeleton (Zig:16)
  A worldbinder (Abyss:4)
  A black mamba (Zig:12)
  3 torpor snails
  A rust devil (Zig:20)
  A vault sentinel (Vaults:5)
  An ice statue (Zig:13)
  4 smoke demons
  3 orange demons
  2 efreet (Zig:20)
  A rime drake (Zig:12)
  A cane toad (Zig:12)
  2 komodo dragons (Zig:12)
  4 hellions
  3 tormentors
  An anaconda simulacrum (Tomb:2)
  27 guardian mummies
  A meliai (Zig:13)
  A harpy zombie (Tomb:3)
  A polar bear (Zig:12)
  A queen bee (shapeshifter) (Zig:11)
  A tarantella (Zig:13)
  3 flying skulls (Zig:16)
  2 snapping turtles (Shoals:4)
  A wyvern (Zig:12)
  A yak (Zig:12)
  A ynoxinul (Pan)
  6 ushabtiu
  2 basilisks (Zig:12)
  3 water moccasins (Zig:12)
  A glowing shapeshifter skeleton (Zig:16)
  A wolf (Zig:12)
  An earth elemental (Zig:11)
  An electric eel (D:10)
  29 mummies
  2 orcs
  3 fire vortices (Zig:21)
328 creatures vanquished.

Vanquished Creatures (others)
  The ghost of Diezoyro the Conqueror, a legendary DDNe of Makhleb (Zig:21)
  A shard shrike (Coc:3)
  A pandemonium lord (Zig:11)
  The ghost of ioannis32 the Severer, a veteran DsBe of Trog (Zig:21)
  The ghost of dunno567 the Gelid, a veteran DsCj of Ashenzari (Zig:21)
  A profane servitor (Zig:20)
  The ghost of p0werm0de the Slayer, an adept PaIE of Jiyva (Zig:21)
  2 searing wretches (Zig:19)
  A lich (Tomb:3)
  2 Orb Guardians (Zot:5)
  A titan (Pan)
  A quicksilver dragon (Zot:2)
  An ancient champion (Tomb:3)
  An eldritch tentacle (Pan)
  2 Executioners
  2 storm dragons
  2 revenants (Zig:21)
  An azure jelly (Coc:7)
  2 emperor scorpions (Zig:13)
  A ghost moth (Zig:13)
  2 shard shrike simulacra (Coc:7)
  A ghoul (Zig:15)
  A draconian stormcaller (Zot:4)
  2 curse skulls (Zig:21)
  3 demonspawn corrupters
  6 demonspawn blood saints
  3 demonspawn black suns
  3 elemental wellsprings
  4 bennus
  2 wendigos (Coc:7)
  A spark wasp (Depths:2)
  2 entropy weavers (Zig:13)
  5 mummy priests (Tomb:3)
  An eidolon (Zig:21)
  A deep elf death mage (Zig:21)
  A fire dragon (Depths:1)
  2 green deaths (Pan)
  3 juggernaut simulacra
  3 hydras (Zig:13)
  2 caustic shrike simulacra
  A ghost crab (Zig:21)
  8 death scarabs
  A soul eater (Zig:21)
  2 sun demons (Zig:21)
  A cherub (Pan)
  3 skeletal warriors
  A sun moth (Zig:13)
  A quicksilver dragon simulacrum (Coc:7)
  A spectral anaconda (Tar:1)
  A swamp dragon (Zig:13)
  A spriggan simulacrum (Tomb:3)
  2 orange crystal statues (Zig:13)
  2 deep elf zephyrmancers
  2 moths of wrath
  An ugly thing (Zig:11)
  A black mamba (Zig:12)
  A smoke demon (Pan)
  A hellion (Zig:19)
  A rime drake (Zig:12)
  2 anaconda simulacra
  14 guardian mummies
  A tormentor (Zig:20)
  3 red devils
  A golden dragon simulacrum (Coc:4)
  An iron giant simulacrum (Coc:7)
  A bloated husk (Zig:13)
  A merfolk (Shoals:4)
  3 hornets (Zig:13)
  A raiju (Abyss:3)
  A blink frog (Lair:4)
  2 slime creatures
  2 stone giant simulacra
  A centaur simulacrum (Coc:2)
  2 spriggans (Zig:13)
  A neqoxec (Pan)
  An alligator snapping turtle simulacrum (Coc:2)
  3 chaos spawn
  4 harpy simulacra (Coc:7)
  2 large abominations (Pan)
  2 nagas
  A water moccasin (Zig:12)
  An ettin simulacrum (Coc:2)
  A naga simulacrum (Coc:7)
  9 mummies
  120 ball lightnings
  3 creeping infernos
  12 fire vortices
  12 foxfires
  32 fungi
  A lurking horror (Abyss:4)
  123 plants
  16 starspawn tentacles
  14 tentacles
  7 withered plants
507 creatures vanquished.

Grand Total: 5714 creatures vanquished

Notes
Turn   | Place    | Note
-------+----------+-------------------------------------------
     0 | D:1      | erker the Gargoyle Warper began the quest for the Orb.
     0 | D:1      | Reached XP level 1. HP: 12/12 MP: 3/3
   206 | D:1      | Reached XP level 2. HP: 7/17 MP: 5/5
   511 | D:1      | Reached XP level 3. HP: 21/21 MP: 6/6
   514 | D:1      | Learned a level 2 spell: Blink
   857 | D:1      | Found a faded altar of an unknown god.
  1368 | D:2      | Reached XP level 4. HP: 4/26 MP: 4/7
  2362 | D:2      | Found a runed translucent door.
  2363 | D:2      | Noticed Crazy Yiuf
  2589 | D:3      | Reached XP level 5. HP: 29/30 MP: 8/8
  2743 | D:3      | Found a glowing drain.
  2797 | Sewer    | Entered a sewer
  3298 | Sewer    | Reached XP level 6. HP: 31/36 MP: 9/9
  4157 | D:4      | Found an iron altar of Okawaru.
  4185 | D:4      | Found a shimmering altar of Xom.
  4510 | D:4      | Reached skill level 1 in Shields
  4510 | D:4      | Reached XP level 7. HP: 36/41 MP: 10/10
  5010 | D:4      | Noticed Sigmund
  5048 | D:4      | Killed Sigmund
  5049 | D:4      | Reached skill level 5 in Axes
  5470 | D:4      | Noticed Robin
  5490 | D:4      | Killed Robin
  5672 | D:4      | Found a staircase to the Ecumenical Temple.
  5678 | Temple   | Entered the Ecumenical Temple
  5880 | Temple   | Became a worshipper of the Shining One
  6036 | D:5      | Entered Level 5 of the Dungeon
  6277 | D:5      | Found a broken altar of Ashenzari.
  6306 | D:5      | Reached skill level 1 in Invocations
  6306 | D:5      | Reached XP level 8. HP: 46/48 MP: 11/11
  6488 | D:4      | Noticed Ijyb
  6502 | D:4      | Killed Ijyb
  7103 | D:5      | Reached skill level 2 in Invocations
  7853 | D:5      | Found a sparkling altar of Nemelex Xobeh.
  8174 | D:6      | Reached skill level 5 in Armour
  8225 | D:6      | Reached * piety under the Shining One
  8237 | D:6      | HP: 2/48 [orc/+0 mace of protection (7)]
  8240 | D:6      | Gained mutation: You are robust. (+10% HP) [potion of
                  | mutation]
  8240 | D:6      | Gained mutation: You are very robust. (+20% HP) [potion of
                  | mutation]
  8886 | D:6      | Reached XP level 9. HP: 62/62 MP: 12/12
  8894 | D:6      | Found a shimmering blue altar of Sif Muna.
  9369 | D:7      | Found a snail-covered altar of Cheibriados.
  9457 | D:7      | Found a glowing silver altar of Zin.
  9477 | D:7      | Found a flagged portal.
  9489 | Bailey   | Entered a bailey
  9529 | Bailey   | Reached skill level 3 in Invocations
  9627 | Bailey   | Reached skill level 5 in Translocations
  9759 | Bailey   | Noticed an orc high priest
  9773 | Bailey   | Killed an orc high priest
  9774 | Bailey   | Reached skill level 5 in Shields
  9774 | Bailey   | Reached skill level 4 in Invocations
  9787 | Bailey   | Found an iron altar of Okawaru.
  9787 | Bailey   | Noticed a kobold demonologist
  9787 | Bailey   | Noticed an orc knight
  9816 | Bailey   | Killed an orc knight
  9817 | Bailey   | Reached XP level 10. HP: 65/67 MP: 9/13
  9823 | Bailey   | Killed a kobold demonologist
  9829 | Bailey   | Found the +8 mithril axe "Arga" {speed, Will+}
 10441 | D:7      | Found an opulent altar of Gozag.
 10597 | D:7      | Reached skill level 5 in Invocations
 10615 | D:7      | Reached ** piety under the Shining One
 11585 | D:8      | Found a radiant altar of Vehumet.
 11824 | D:9      | Found the +2 ratskin cloak {*Rats rPois rN+ Str-1 Int-1
                  | Dex+1}
 12148 | D:9      | Reached skill level 6 in Invocations
 12160 | D:9      | Reached XP level 11. HP: 52/73 MP: 15/15
 12307 | D:9      | Noticed Erica
 12316 | D:9      | Killed Erica
 12317 | D:9      | Reached skill level 10 in Axes
 12420 | D:9      | Noticed Harold
 12435 | D:9      | Killed Harold
 12444 | D:9      | Reached *** piety under the Shining One
 12600 | D:9      | Found a staircase to the Lair.
 12976 | D:10     | Entered Level 10 of the Dungeon
 13026 | D:10     | Found a basalt altar of Yredelemnul.
 13126 | D:10     | Found a white marble altar of Elyvilon.
 13342 | D:10     | Noticed a two-headed ogre
 13349 | D:10     | Killed a two-headed ogre
 13350 | D:10     | Reached skill level 5 in Fighting
 13470 | D:10     | Reached skill level 7 in Invocations
 13596 | D:10     | Noticed a manticore
 13606 | D:10     | Killed a manticore
 14136 | D:11     | Identified the +11 chain mail "Sumu" {rElec rPois}
 14169 | D:11     | Noticed a seven-headed hydra
 14181 | D:11     | Killed a one-headed hydra
 14285 | D:11     | Reached XP level 12. HP: 60/82 MP: 17/17
 14404 | D:11     | Found a staircase to the Orcish Mines.
 14499 | D:11     | Reached **** piety under the Shining One
 15225 | D:12     | Found a runed translucent gate.
 15225 | D:12     | Found a runed translucent gate.
 15225 | D:12     | Found a runed translucent gate.
 15225 | D:12     | Noticed Garym's ghost (journeyman MiBe)
 15227 | D:12     | Found a basalt altar of Yredelemnul.
 15241 | D:12     | Reached skill level 8 in Invocations
 15611 | D:12     | Found a runed translucent gate.
 15611 | D:12     | Found a runed translucent gate.
 15612 | D:12     | Found a runed translucent gate.
 15613 | D:12     | Noticed a nine-headed hydra
 15613 | D:12     | Noticed t4s4d4r's ghost (journeyman KoAr)
 15615 | D:12     | Noticed a 12-headed hydra
 15919 | D:12     | Noticed Frances
 15946 | D:12     | Killed Frances
 16249 | D:12     | Reached skill level 10 in Armour
 16282 | D:12     | Reached ***** piety under the Shining One
 16532 | D:12     | Noticed a seven-headed hydra
 16545 | D:12     | Killed a one-headed hydra
 16880 | Lair:1   | Entered Level 1 of the Lair of Beasts
 16880 | Lair:1   | Noticed an eight-headed hydra
 16894 | Lair:1   | Killed a one-headed hydra
 16895 | Lair:1   | Reached XP level 13. HP: 50/93 MP: 19/19
 18185 | Lair:2   | Found a staircase to the Shoals.
 18222 | Lair:2   | Identified the +0 robe "Ujuax" {Str+9 Dex-5}
 18578 | Lair:2   | Found a transporter.
 18592 | Lair:2   | Found a transporter.
 18625 | Lair:2   | Noticed Fannar
 18643 | Lair:2   | Killed Fannar
 18784 | Lair:2   | Noticed sankara's ghost (journeyman HOFi)
 19108 | Lair:3   | Reached skill level 5 in Spellcasting
 19138 | Lair:3   | Found a staircase to the Snake Pit.
 20204 | Lair:4   | Found a viscous altar of Jiyva.
 20205 | Lair:4   | Found a staircase to the Slime Pits.
 20344 | Lair:4   | Noticed Josephine
 20355 | Lair:4   | Killed Josephine
 20373 | Lair:4   | Found a dark tunnel.
 20403 | Volcano  | Entered a volcano
 20519 | Volcano  | Found a bloodstained altar of Trog.
 20528 | Volcano  | Gained mutation: Your large and strong wings let you fly.
                  | [Gargoyle growth]
 20528 | Volcano  | Reached XP level 14. HP: 73/103 MP: 22/22
 20664 | Volcano  | Noticed a stone giant
 20681 | Volcano  | Killed a stone giant
 20930 | Lair:4   | Identified the +7 trident of Okawaru, Changing {elec, Will+
                  | Str+7 Dex-3 SInv}
 21442 | Lair:5   | Entered Level 5 of the Lair of Beasts
 21466 | Lair:5   | Noticed Snorg
 21486 | Lair:5   | Killed Snorg
 21605 | Lair:5   | Reached skill level 10 in Fighting
 22188 | Lair:5   | Reached skill level 15 in Axes
 22844 | Lair:5   | Reached XP level 15. HP: 110/110 MP: 26/26
 23279 | Shoals:1 | Entered Level 1 of the Shoals
 23985 | Shoals:1 | Noticed Mlioglotl
 24002 | Shoals:1 | Noticed a tentacled monstrosity
 24002 | Shoals:1 | Noticed a tentacled starspawn
 24004 | Shoals:1 | Killed Mlioglotl
 24791 | Shoals:1 | Noticed Donald
 24816 | Shoals:1 | Killed Donald
 25300 | Shoals:2 | Found Wyunn's Self-Improvement Boutique.
 25306 | Shoals:2 | Reached ****** piety under the Shining One
 25390 | Shoals:2 | Bought a manual of Dodging for 1360 gold pieces
 25395 | Shoals:2 | Acquired 788 gold pieces
 26263 | Shoals:2 | Reached skill level 9 in Invocations
 26765 | Shoals:3 | Reached XP level 16. HP: 118/118 MP: 28/28
 27525 | Shoals:3 | Found Leatyx's Antique Weapon Shop.
 27539 | Shoals:3 | Identified the ring of Maitaaf {Wiz rCorr Str+2 Dex+3}
 27564 | Shoals:3 | Noticed Polyphemus
 28324 | Shoals:4 | Entered Level 4 of the Shoals
 28407 | Shoals:4 | Reached skill level 5 in Dodging
 28637 | Shoals:4 | Learned a level 5 spell: Manifold Assault
 29385 | Shoals:4 | Reached skill level 10 in Invocations
 29391 | Shoals:4 | Reached skill level 10 in Shields
 29856 | Shoals:4 | Identified the +6 gold dragon scales of the Six Lives {+Inv
                  | Fly rPois rF+ rC+ rCorr Int-4}
 29871 | Shoals:4 | Found a gateway to a bazaar.
 29899 | Shoals:4 | Got a barnacled rune of Zot
 30095 | Shoals:4 | Noticed a kraken
 30111 | Shoals:4 | Killed a kraken
 30379 | Shoals:4 | Reached XP level 17. HP: 127/127 MP: 30/30
 30379 | Shoals:4 | Noticed Roxanne
 30617 | Snake:1  | Entered Level 1 of the Snake Pit
 32242 | Snake:2  | Reached skill level 10 in Spellcasting
 32486 | Snake:2  | Reached skill level 11 in Invocations
 33352 | Snake:2  | Learned a level 3 spell: Ozocubu's Armour
 33422 | Snake:3  | Reached skill level 1 in Ice Magic
 34192 | Snake:3  | Found Xomelots's Distillery.
 34437 | Snake:3  | Found a runed translucent gate.
 34438 | Snake:3  | Found a runed translucent gate.
 34439 | Snake:3  | Found a runed translucent gate.
 34440 | Snake:3  | Found an opulent altar of Gozag.
 34442 | Snake:3  | Noticed dunno567's ghost (adept TrFi)
 34445 | Snake:3  | Found Aphafoko's Assorted Antiques.
 34931 | Snake:4  | Entered Level 4 of the Snake Pit
 35053 | Snake:4  | Reached skill level 12 in Invocations
 35152 | Snake:4  | Reached XP level 18. HP: 117/134 MP: 32/32
 35300 | Snake:4  | Reached skill level 10 in Dodging
 35480 | Snake:4  | Reached skill level 5 in Ice Magic
 35911 | Snake:4  | Got a serpentine rune of Zot
 36096 | Snake:4  | Found a white marble altar of Elyvilon.
 36937 | Orc:1    | Entered Level 1 of the Orcish Mines
 37275 | Orc:2    | Entered Level 2 of the Orcish Mines
 37578 | Orc:2    | Paralysed by an orc sorcerer for 2 turns
 37605 | Orc:2    | Found Okokk's Jewellery Shoppe.
 37623 | Orc:2    | Found Qeejoaq's Antique Weapon Emporium.
 37707 | Orc:2    | Found a staircase to the Elven Halls.
 37828 | Orc:2    | Found Foucaefauj's Antique Armour Emporium.
 38128 | Orc:2    | Found Zuocwama's General Store.
 38535 | D:12     | Acquired 941 gold pieces
 38544 | D:12     | Identified a +9 broad axe of holy wrath (a +7 broad axe
                  | blessed by the Shining One)
 38544 | D:12     | Received a gift from the Shining One
 38607 | D:12     | Killed t4s4d4r's ghost
 38615 | D:12     | Identified the +5 scimitar "Keravonk" {holy, *Corrode rElec
                  | rF- Str+7}
 38723 | D:12     | Killed Garym's ghost
 38846 | D:13     | Reached XP level 19. HP: 122/139 MP: 33/33
 38887 | D:13     | Reached skill level 13 in Invocations
 38906 | D:13     | Found a frozen archway.
 38950 | IceCv    | Entered an ice cave
 41185 | D:14     | Found a gate to the Vaults.
 41267 | D:14     | Reached skill level 14 in Invocations
 41729 | Vaults:1 | Entered Level 1 of the Vaults
 41764 | Vaults:1 | Reached skill level 1 in Evocations
 41845 | Vaults:1 | Found a crumbling gateway.
 41882 | Desolati | Entered the Desolation of Salt
 41954 | Desolati | Identified the +11 shortbow "Acvumnu" {venom, *Corrode
                  | Will+ Int+7 SInv}
 42004 | Desolati | Got the Writings on the Hot Snake
 42025 | Desolati | Reached skill level 5 in Evocations
 42170 | Desolati | Identified the +1 chain mail "Quyly" {Rampage}
 42175 | Desolati | Identified the +5 ring mail of Sunlight {rPois}
 42184 | Desolati | Identified the +7 halberd "Rausoog" {freeze, Int+4}
 42214 | Desolati | Identified the ring "Ineit" {Wiz rCorr Str+4}
 42249 | Desolati | Got the Opusculum on the Vitriolic Caves
 42418 | Desolati | Reached XP level 20. HP: 138/146 MP: 36/36
 42567 | Desolati | Identified the +7 chain mail of Defence {rF+}
 42585 | Desolati | Got Nutioq's Tome of the Generative Undead
 42628 | Desolati | Got Sif Muna's Handbook of Allied Forms
 42767 | Desolati | Identified the ring of Fragile Peace {rF+ Int+4 Slay+4}
 43030 | Desolati | Identified the ring of Sacheb {rPois rC+}
 43034 | Desolati | Identified the +1 short sword of Ornamental Gallantry
                  | {vorpal, rPois MP+9}
 45230 | Vaults:2 | Reached skill level 15 in Armour
 45368 | Vaults:2 | Reached skill level 15 in Invocations
 45628 | Vaults:2 | Noticed Margery
 45663 | Vaults:2 | Killed Margery
 45868 | Vaults:2 | Reached XP level 21. HP: 148/156 MP: 37/37
 45905 | Vaults:2 | Noticed Nikola
 45925 | Vaults:2 | Killed Nikola
 46380 | Vaults:2 | Found Ysapuobb's Magic Scroll Shoppe.
 46384 | Vaults:2 | Bought a scroll of torment for 152 gold pieces
 46384 | Vaults:2 | Bought a scroll of blinking for 120 gold pieces
 46564 | Vaults:3 | Found Zejakesu's Jewellery Shoppe.
 46672 | Vaults:3 | Found a magical portal.
 46696 | WizLab   | Entered Maxwell's Workshop
 46866 | WizLab   | Identified the ring "Iply" {Fire Fly Will- Str+6 Int-5}
 47155 | WizLab   | Found the +2 Maxwell's thermic engine {flame, freeze}
 47394 | WizLab   | Identified the ring "Rufiamas" {Ice rPois MP-9 SInv}
 47420 | WizLab   | Identified the +2 robe of Hedge Wizardry {rElec}
 48702 | Vaults:3 | Found a staircase to the Crypt.
 49636 | Vaults:4 | Reached skill level 16 in Invocations
 50420 | Vaults:4 | Found Ceufoeh's Weapon Shop.
 50431 | Vaults:4 | Reached XP level 22. HP: 160/165 MP: 38/38
 50546 | Vaults:5 | Entered Level 5 of the Vaults
 50556 | Vaults:5 | Noticed a golden dragon
 50581 | Vaults:5 | Killed a golden dragon
 50654 | Vaults:5 | Reached skill level 15 in Fighting
 50667 | Vaults:5 | Reached skill level 15 in Shields
 50681 | Vaults:5 | Noticed an ancient lich
 50709 | Vaults:5 | HP: 6/168 [ancient lich/bolt of acid (27)]
 50716 | Vaults:5 | Killed an ancient lich
 51335 | Vaults:5 | Identified the +0 robe of the Realm of Zot {Dex+4}
 51347 | Vaults:5 | Identified the ring "Qyvoclig" {rF+ rC+ EV+4 Str-3 Dex+8}
 51352 | Vaults:5 | Got Sif Muna's Tractate on the Arenous Chill
 51443 | Vaults:5 | Noticed a golden dragon
 51462 | Vaults:5 | Killed a golden dragon
 51584 | Vaults:5 | Identified the +7 mace "Dazeolyp" {vamp, rC+ Str+3}
 51589 | Vaults:5 | Got a silver rune of Zot
 51703 | Vaults:5 | Identified the ring of Xulirih {Str+6 Slay+4}
 51806 | Vaults:5 | Noticed a dread lich
 51827 | Vaults:5 | Killed a dread lich
 51828 | Vaults:5 | Reached XP level 23. HP: 175/175 MP: 17/39
 51867 | Vaults:5 | Noticed a golden dragon
 51888 | Vaults:5 | Killed a golden dragon
 52105 | Vaults:5 | Got the Directory of Metamorphosis
 52226 | Vaults:5 | Found Dacsocol's Jewellery Shoppe.
 52230 | Vaults:5 | Bought the amulet "Kicsaf" {Reflect Fragile rPois Int+6
                  | SH+5} for 674 gold pieces
 52764 | D:14     | Noticed Louise
 52775 | D:14     | Killed Louise
 53041 | Elf:1    | Entered Level 1 of the Elven Halls
 53099 | Elf:1    | Found a radiant altar of Vehumet.
 53124 | Elf:1    | Learned a level 2 spell: Passwall
 53253 | Elf:1    | Reached skill level 1 in Earth Magic
 53264 | Elf:1    | Got the Almanac of Heat
 53491 | Elf:1    | Reached skill level 1 in Transmutations
 53810 | Elf:1    | Noticed Aizul
 53822 | Elf:1    | Killed Aizul
 54018 | Elf:1    | You are sucked into a shaft and drop 1 floor!
 54028 | Abyss:2  | Cast into level 2 of the Abyss (a deep elf sorcerer)
 54200 | Abyss:3  | Gained mutation: You occasionally lose the ability to read
                  | scrolls when taking damage. [a shining eye]
 54221 | Abyss:3  | Gained mutation: You are weak. (Str -2) [a shining eye]
 54315 | Abyss:3  | Found a corrupted altar of Lugonu.
 54546 | Abyss:3  | Found a runed translucent door.
 54548 | Abyss:3  | Found a runed translucent door.
 54594 | Abyss:3  | Found a huge runed translucent gate.
 54598 | Abyss:3  | Found a huge runed translucent gate.
 54607 | Abyss:3  | Found a runed translucent door.
 54610 | Abyss:3  | Found a runed translucent door.
 54635 | Abyss:3  | Found a runed translucent door.
 54640 | Abyss:3  | Found a corrupted altar of Lugonu.
 54661 | Abyss:3  | Got an abyssal rune of Zot
 54827 | Elf:2    | Escaped the Abyss
 54898 | Elf:2    | Identified the ring of Soikhliph {Slay+4 Stlth+}
 55106 | Elf:2    | Paralysed by an air elemental for 1 turns
 55189 | Elf:2    | Found a runed translucent gate.
 55189 | Elf:2    | Found a runed translucent gate.
 55189 | Elf:2    | Found a runed translucent gate.
 55603 | Elf:2    | Reached XP level 24. HP: 177/184 MP: 36/39
 56056 | Elf:3    | Entered Level 3 of the Elven Halls
 56097 | Elf:3    | Reached skill level 17 in Invocations
 56178 | Elf:3    | HP: 5/184 [ghostly deep elf sorcerer/bolt of acid (64)]
 56845 | Elf:3    | Identified the +5 dire flail "Karghargha" {vorpal, rC-
                  | Will+ Str+7 Int+3}
 56850 | Elf:3    | Identified the +8 battleaxe of Subterfuge {protect, rC-
                  | rN+++ Will- Dex+7}
 56873 | Elf:3    | Identified the amulet of the Enemy {Reflect rF++ rCorr
                  | SH+5}
 56905 | Elf:3    | Identified the +1 robe of Xom's Indignation {+Inv Int-2
                  | Dex-2 SInv}
 56905 | Elf:3    | Identified the ring "Yrroysa" {rCorr Int+4}
 57116 | Elf:3    | Found Yffealiri's Antique Armour Shop.
 57128 | Elf:3    | Found a shimmering altar of Xom.
 57128 | Elf:3    | Noticed WiseOSalty's ghost (adept DsFi)
 57128 | Elf:3    | Found the +3 pair of gauntlets of War {Slay+5}
 57129 | Elf:3    | Found a runed translucent door.
 57149 | Elf:3    | Killed WiseOSalty's ghost
 57152 | Elf:3    | Identified the +4 tower shield "Sycualis" {rPois Int+3
                  | Slay+4}
 57272 | Elf:3    | Identified the +9 rapier of the Lost Bounties {holy, rF+
                  | rN+}
 57307 | Elf:3    | Identified the +9 plate armour "Wirefaah" {Will- Slay+2
                  | Stlth+}
 57356 | Elf:3    | Identified the +5 arbalest of Unreason {flame, rPois rF+
                  | Int+4 Dex-4}
 57465 | Elf:3    | Got the Folio of Gelid Hexes
 57468 | Elf:3    | Got the Meditations on Nocuous Rallying
 57987 | Elf:1    | Found an ancient bone altar of Kikubaaqudgha.
 58475 | Slime:1  | Entered Level 1 of the Pits of Slime
 58709 | Slime:1  | You are sucked into a shaft and drop 1 floor!
 59306 | Slime:2  | Reached skill level 5 in Earth Magic
 59481 | Slime:2  | Found a viscous altar of Jiyva.
 60704 | Slime:4  | Reached XP level 25. HP: 161/193 MP: 36/40
 61082 | Slime:5  | Entered Level 5 of the Pits of Slime
 61360 | Slime:5  | Gained mutation: You are very weak. (Str -4) [a shining
                  | eye]
 61497 | Slime:5  | Reached skill level 18 in Invocations
 61590 | Slime:5  | Gained mutation: You are clumsy. (Dex -2) [a shining eye]
 61592 | Slime:5  | Gained mutation: You are very clumsy. (Dex -4) [a shining
                  | eye]
 61616 | Slime:5  | Lost mutation: You are very clumsy. (Dex -4) [potion of
                  | mutation]
 61616 | Slime:5  | Lost mutation: You occasionally lose the ability to read
                  | scrolls when taking damage. [potion of mutation]
 61616 | Slime:5  | Gained mutation: You passively dampen the noise of your
                  | surroundings. [potion of mutation]
 61616 | Slime:5  | Gained mutation: You have a pair of small horns on your
                  | head. [potion of mutation]
 61616 | Slime:5  | Lost mutation: You have a pair of small horns on your head.
                  | [potion of mutation]
 61712 | Slime:5  | Found a viscous altar of Jiyva.
 61778 | Slime:5  | Noticed the Royal Jelly
 62142 | Slime:5  | Killed the Royal Jelly
 62242 | Slime:5  | Learned a level 4 spell: Iskenderun's Mystic Blast
 62279 | Slime:5  | Got a slimy rune of Zot
 62312 | Slime:5  | Identified the ring "Cyuss" {Fire +Blink Dex+2}
 62320 | Slime:5  | Identified the +2 scimitar of Annihilation {vorpal, rN++
                  | Str-4}
 62353 | Slime:5  | Identified the +4 chain mail of Generosity {rPois}
 62356 | Slime:5  | Identified the +2 pair of gloves of Sif Muna's Whim {*Slow
                  | Dex+2 SInv}
 62594 | Lair:2   | Found a bloodstained altar of Trog.
 62618 | Lair:2   | Killed sankara's ghost
 62859 | Shoals:3 | Killed Polyphemus
 62911 | Shoals:4 | Killed Roxanne
 62971 | Bazaar   | Entered a bazaar
 62979 | Bazaar   | Found Atoraus's Antique Armour Emporium.
 62979 | Bazaar   | Found Vaekkod's Jewellery Emporium.
 63011 | Bazaar   | Found Woloal's Jewellery Shoppe.
 63011 | Bazaar   | Found Duiguicw's Antique Weapon Shoppe.
 63056 | Bazaar   | Bought a ring of protection from fire for 275 gold pieces
 63076 | Bazaar   | Bought a ring of see invisible for 180 gold pieces
 63076 | Bazaar   | Bought a ring of positive energy for 240 gold pieces
 63088 | Bazaar   | Bought a warped kite shield for 180 gold pieces
 63088 | Bazaar   | Identified the +3 kite shield of Zoofiad {rPois rN+ Int+3
                  | Dex+3} (You bought it in a shop in a bazaar)
 63113 | Shoals:4 | Acquired the +7 crystal plate armour of Fashionability
                  | {Rampage MP+9 Int+4}
 63342 | Snake:3  | Reached skill level 1 in Conjurations
 63356 | Snake:3  | Killed dunno567's ghost
 63394 | Snake:3  | Bought a potion of cancellation for 312 gold pieces
 63430 | Snake:3  | Bought a potion of mutation for 112 gold pieces
 63430 | Snake:3  | Bought a potion of resistance for 140 gold pieces
 63650 | Shoals:2 | Bought a manual of Fire Magic for 1360 gold pieces
 63777 | D:10     | Learned a level 1 spell: Apportation
 64027 | D:15     | Entered Level 15 of the Dungeon
 64129 | D:15     | Found a blossoming altar of Fedhas.
 64199 | D:15     | Found a staircase to the Depths.
 64678 | Depths:1 | Entered Level 1 of the Depths
 64679 | Depths:1 | Found an iron altar of Okawaru.
 64901 | Depths:1 | Found Aroqeuno's Serpentskin Sales.
 64913 | Depths:1 | Bought 2 curare-tipped darts for 19 gold pieces
 64984 | Depths:1 | Found a runed translucent door.
 64985 | Depths:1 | Noticed Inkqbe's ghost (adept FeSu)
 65229 | Depths:1 | Found a gateway to Hell.
 65431 | Depths:1 | Reached skill level 15 in Dodging
 65444 | Depths:1 | Identified the +3 chain mail of Wasted Space {Regen+ Dex+3}
 65729 | Depths:1 | Killed Inkqbe's ghost
 65736 | Depths:1 | Identified the +8 hand axe of Kuzihuru {flame, rCorr MP-9
                  | Str+3}
 65794 | Hell     | Entered the Vestibule of Hell
 65794 | Hell     | Noticed Geryon
 65798 | Hell     | Noticed Murray
 65805 | Hell     | Killed Geryon
 65815 | Hell     | Killed Murray
 65867 | Hell     | Found a gateway to the decaying netherworld of Tartarus.
 66155 | Hell     | Reached skill level 5 in Conjurations
 66523 | Hell     | Found a gateway to the freezing wastes of Cocytus.
 67143 | Hell     | Found a gateway to the Iron City of Dis.
 67539 | Hell     | Found a gateway to the ashen valley of Gehenna.
 67809 | Geh:1    | Entered Level 1 of Gehenna
 67867 | Geh:2    | Reached XP level 26. HP: 166/182 MP: 41/41
 67968 | Geh:2    | Reached skill level 15 in Spellcasting
 67988 | Geh:3    | Noticed a dread lich
 67988 | Geh:3    | Noticed a dread lich
 67988 | Geh:3    | Noticed an ancient lich
 67988 | Geh:3    | Noticed a dread lich
 68168 | Geh:3    | Killed a dread lich
 68169 | Geh:3    | Killed a dread lich
 68169 | Geh:3    | Killed a dread lich
 68171 | Geh:3    | Killed an ancient lich
 68511 | Geh:7    | Entered Level 7 of Gehenna
 68906 | Geh:7    | Identified the +5 mace "Dafraur" {vamp, Will+ Int+3}
 68996 | Geh:7    | Found the +7 sceptre of Asmodeus
 68996 | Geh:7    | Noticed Asmodeus
 69019 | Geh:7    | Killed Asmodeus
 69390 | Geh:7    | Identified the ring of Hospitality {Fire Str+4}
 69405 | Geh:7    | Found the +1 robe of Vines {NoPotionHeal Regen++++}
 69429 | Geh:7    | Identified the ring of Solehaot {rC+ rCorr MP+9 Dex+3}
 69469 | Geh:7    | Identified the +5 great sword "Femoinus" {venom, rElec rN+
                  | Dex+4 Stlth-}
 69472 | Geh:7    | Identified the amulet "Behar" {Reflect rF+ SH+5}
 69486 | Geh:7    | Got an obsidian rune of Zot
 69729 | Geh:7    | Identified the ring "Urifo" {Contam Fly rElec Str+6 Int-2}
 70110 | Coc:1    | Entered Level 1 of Cocytus
 70123 | Coc:1    | Noticed a shard shrike
 70124 | Coc:1    | Noticed a shard shrike
 70129 | Coc:1    | Noticed a shard shrike
 70133 | Coc:1    | Killed a shard shrike
 70136 | Coc:1    | Killed a shard shrike
 70140 | Coc:1    | Killed a shard shrike
 70141 | Coc:1    | Reached XP level 27. HP: 190/207 MP: 43/43
 70164 | Coc:2    | Paralysed by a wendigo for 1 turns
 70169 | Coc:2    | Paralysed by a wendigo for 1 turns
 70512 | Coc:4    | Reached skill level 10 in Conjurations
 70514 | Coc:4    | Noticed a dread lich
 70522 | Coc:4    | Killed a dread lich
 71005 | Coc:7    | Entered Level 7 of Cocytus
 71005 | Coc:7    | Noticed an ancient lich
 71017 | Coc:7    | Killed an ancient lich
 71035 | Coc:7    | Paralysed by a wendigo for 1 turns
 71516 | Coc:7    | Paralysed by a wendigo for 1 turns
 71693 | Coc:7    | Paralysed by a wendigo for 1 turns
 71751 | Coc:7    | Reached skill level 10 in Ice Magic
 71802 | Coc:7    | Paralysed by a wendigo for 1 turns
 71810 | Coc:7    | Paralysed by a wendigo for 1 turns
 71853 | Coc:7    | Paralysed by a wendigo for 1 turns
 71862 | Coc:7    | Paralysed by a wendigo for 1 turns
 72017 | Coc:7    | Learned a level 5 spell: Irradiate
 72246 | Coc:7    | Reached skill level 5 in Transmutations
 72392 | Coc:7    | Noticed Antaeus
 72457 | Coc:7    | Found the amulet of the Air {Inacc Air Fly rElec RMsl}
 72488 | Coc:7    | Killed Antaeus
 72501 | Coc:7    | Got an icy rune of Zot
 72748 | Tar:1    | Entered Level 1 of Tartarus
 73470 | Tar:3    | Noticed a dread lich
 73470 | Tar:3    | Noticed an ancient lich
 73471 | Tar:3    | Noticed an ancient lich
 73471 | Tar:3    | Noticed a dread lich
 73471 | Tar:3    | Noticed an ancient lich
 73472 | Tar:3    | Noticed a dread lich
 73473 | Tar:3    | Noticed a dread lich
 73474 | Tar:3    | Paralysed by a dread lich for 3 turns
 73480 | Tar:3    | Killed a dread lich
 73483 | Tar:3    | Killed a dread lich
 73483 | Tar:3    | Killed an ancient lich
 73485 | Tar:3    | Killed an ancient lich
 73486 | Tar:3    | Killed a dread lich
 73488 | Tar:3    | Killed an ancient lich
 73490 | Tar:3    | Killed a dread lich
 73545 | Tar:4    | Noticed an ancient lich
 73555 | Tar:4    | Killed an ancient lich
 73685 | Tar:6    | Learned a level 7 spell: Enfeeble
 73691 | Tar:7    | Entered Level 7 of Tartarus
 73706 | Tar:7    | Reached skill level 1 in Fire Magic
 73734 | Tar:7    | Reached skill level 1 in Hexes
 73797 | Tar:7    | Reached skill level 19 in Invocations
 74349 | Tar:7    | Noticed Ereshkigal
 74392 | Tar:7    | Paralysed by Ereshkigal for 3 turns
 74398 | Tar:7    | Killed Ereshkigal
 74441 | Tar:7    | Reached skill level 5 in Fire Magic
 74455 | Tar:7    | Got a bone rune of Zot
 75854 | Dis:1    | Entered Level 1 of the Iron City of Dis
 75854 | Dis:1    | You are sucked into a shaft and drop 1 floor!
 76356 | Dis:5    | Reached skill level 5 in Hexes
 76791 | Dis:7    | Entered Level 7 of the Iron City of Dis
 77352 | Dis:7    | Reached skill level 20 in Invocations
 77385 | Dis:7    | Noticed an ancient lich
 77391 | Dis:7    | Killed an ancient lich
 77587 | Dis:7    | HP: 9/214 [Hell Sentinel/damnation (19)]
 78241 | Dis:7    | Found the +4 staff of Dispater
 78241 | Dis:7    | Noticed Dispater
 78244 | Dis:7    | Noticed a juggernaut
 78259 | Dis:7    | Killed a juggernaut
 78269 | Dis:7    | Killed Dispater
 78392 | Dis:7    | Got an iron rune of Zot
 78936 | Dis:7    | Noticed an ancient lich
 78946 | Dis:7    | Killed an ancient lich
 79508 | Dis:7    | Noticed a juggernaut
 79528 | Dis:7    | Killed a juggernaut
 79559 | Dis:7    | Got the Precepts of the Retinue and the Volcanoes
 79560 | Dis:7    | Identified the +7 chain mail of the Stallion {Dex+8 Slay+5
                  | Stlth-}
 80286 | Depths:2 | Reached skill level 21 in Invocations
 80394 | Depths:2 | Found a runed translucent door.
 80394 | Depths:2 | Noticed Iroabiw's ghost (adept HOMo)
 80401 | Depths:2 | You are sucked into a shaft and drop 2 floors!
 80401 | Depths:4 | Entered Level 4 of the Depths
 81045 | Depths:4 | Found a runed translucent door.
 81050 | Depths:4 | Found a gate to the Realm of Zot.
 81126 | Depths:4 | Found a runed translucent door.
 81226 | Depths:4 | Found a runed translucent door.
 81226 | Depths:4 | Found a one-way gate leading to the halls of Pandemonium.
 81234 | Depths:4 | Found a runed translucent door.
 81269 | Depths:4 | Found a runed translucent door.
 81269 | Depths:4 | Found a runed translucent door.
 81800 | Depths:3 | Found a one-way gate to the infinite horrors of the Abyss.
 81813 | Depths:3 | Reached skill level 10 in Fire Magic
 81838 | Depths:3 | Found a one-way gateway to a ziggurat.
 81933 | Depths:3 | Noticed Vv
 81961 | Depths:3 | Killed Vv
 82492 | Depths:3 | Noticed an ancient lich
 82506 | Depths:3 | Killed an ancient lich
 82976 | Depths:2 | Found a snail-covered altar of Cheibriados.
 83213 | Depths:2 | Found a shadowy altar of Dithmenos.
 83564 | Depths:2 | Killed Iroabiw's ghost
 83668 | Zot:1    | Entered Level 1 of the Realm of Zot
 83979 | Zot:1    | Reached skill level 10 in Hexes
 84012 | Zot:1    | Reached skill level 22 in Invocations
 84183 | Zot:1    | Identified the +0 leather armour "Aqishuz" {rN+ Str+4 Int+5
                  | SInv}
 84299 | Zot:1    | Identified the +7 great sword of the Blind Eye {freeze,
                  | rElec rC+ Stlth+}
 84718 | Zot:2    | Found an ancient bone altar of Kikubaaqudgha.
 84758 | Zot:2    | Noticed Parghit
 84808 | Zot:2    | Killed Parghit
 84817 | Zot:2    | Identified the +3 leather armour of Caczuzus {rPois Dex+2
                  | SInv}
 85033 | Zot:2    | Found a broken altar of Ashenzari.
 85823 | Zot:3    | Found a large runed translucent door.
 85824 | Zot:3    | Found a large runed translucent door.
 85825 | Zot:3    | Found a large runed translucent door.
 85825 | Zot:3    | Found a shimmering altar of Xom.
 85825 | Zot:3    | Identified the +2 hand crossbow "Odeqywk" {vorpal, rN++}
 85857 | Zot:3    | Found a large runed translucent door.
 85857 | Zot:3    | Identified the +1 hand crossbow "Iqoleps" {penet, Fly}
 85883 | Zot:3    | Found a large runed translucent door.
 85883 | Zot:3    | Found a large runed translucent door.
 85888 | Zot:3    | Found a large runed translucent door.
 85888 | Zot:3    | Found a large runed translucent door.
 86131 | Zot:3    | Identified the +8 chain mail "Ucwunn" {rF++ rN+++ Dex-5}
 86154 | Zot:3    | Identified the +0 glaive of the Final Chapter {venom, rPois
                  | rN++ Str-2 Int+4}
 86768 | Zot:3    | Reached skill level 23 in Invocations
 87250 | Zot:4    | Reached skill level 15 in Fire Magic
 87380 | Zot:4    | Found the +4 dragonskin cloak
 87380 | Zot:4    | Noticed Tiamat
 87458 | Zot:4    | Killed Tiamat
 88331 | Crypt:1  | Entered Level 1 of the Crypt
 88357 | Crypt:1  | Noticed Boris
 88367 | Crypt:1  | Killed Boris
 88403 | Crypt:1  | Noticed Grunn
 88412 | Crypt:1  | Killed Grunn
 88544 | Crypt:1  | Reached skill level 24 in Invocations
 88972 | Crypt:1  | Identified the +6 trident "Worm" {freeze, Str+3 SInv}
 89542 | Crypt:2  | Identified the +3 lajatang of the Poles {vorpal, rN+}
 89746 | Crypt:3  | Entered Level 3 of the Crypt
 89910 | Crypt:3  | Noticed Bai Suzhen
 89922 | Crypt:3  | Killed Bai Suzhen
 89967 | Crypt:3  | Noticed Xtahua
 89978 | Crypt:3  | Killed Xtahua
 90031 | Crypt:3  | Found a staircase to the Tomb.
 90196 | Crypt:3  | Found an ancient bone altar of Kikubaaqudgha.
 90324 | Crypt:3  | Noticed a dread lich
 90331 | Crypt:3  | Killed a dread lich
 91434 | Crypt:3  | Acquired the Collected Works on Cloudy Stones
 91443 | Crypt:3  | Learned a level 6 spell: Conjure Ball Lightning
 92180 | Depths:3 | Reached skill level 1 in Air Magic
 92250 | Zig:1    | Entered Level 1 of a ziggurat
 92269 | Zig:2    | Entered Level 2 of a ziggurat
 92292 | Zig:3    | Entered Level 3 of a ziggurat
 92460 | Zig:4    | Entered Level 4 of a ziggurat
 92462 | Zig:4    | Noticed a dread lich
 92469 | Zig:4    | Killed a dread lich
 92473 | Zig:4    | Identified the ring of the Quahog {rElec rC- Will- Str+10
                  | Int+6}
 92478 | Zig:4    | Identified the +7 hand axe "Widowmaker" {distort, rF-
                  | Str+6}
 92487 | Zig:5    | Entered Level 5 of a ziggurat
 92532 | Zig:6    | Entered Level 6 of a ziggurat
 92558 | Zig:6    | Reached skill level 5 in Air Magic
 92634 | Zig:7    | Entered Level 7 of a ziggurat
 92663 | Zig:7    | Identified the ring of Longu {AC+4 Int+8}
 92673 | Zig:7    | Got the Treatise on the Retinue and the Tesseract
 92679 | Zig:8    | Entered Level 8 of a ziggurat
 92684 | Zig:8    | Noticed a juggernaut
 92692 | Zig:8    | Killed a juggernaut
 92734 | Zig:8    | Identified the +8 plate armour "Quzuuno" {Int+2}
 92739 | Zig:8    | Identified the +0 pair of boots of Inference {rN+ Regen+
                  | Str+2 Int+3}
 92754 | Zig:9    | Entered Level 9 of a ziggurat
 92932 | Zig:10   | Entered Level 10 of a ziggurat
 93011 | Zig:11   | Entered Level 11 of a ziggurat
 93020 | Zig:11   | Noticed Zioji the pandemonium lord
 93020 | Zig:11   | Noticed Seyngem the pandemonium lord
 93020 | Zig:11   | Noticed Xukhir the pandemonium lord
 93021 | Zig:11   | Noticed Muylif Etau the pandemonium lord
 93030 | Zig:11   | Killed Muylif Etau the pandemonium lord
 93032 | Zig:11   | Killed Seyngem the pandemonium lord
 93034 | Zig:11   | Killed Zioji the pandemonium lord
 93042 | Zig:11   | Killed Xukhir the pandemonium lord
 93170 | Zig:12   | Entered Level 12 of a ziggurat
 93209 | Zig:12   | Reached skill level 10 in Air Magic
 93222 | Zig:12   | Identified the +8 hand axe of Leenal {freeze, rF- Str+5
                  | Stlth+}
 93235 | Zig:12   | Identified the ring of Raisofib {SInv Stlth+}
 93254 | Zig:13   | Entered Level 13 of a ziggurat
 93321 | Zig:13   | Identified the +3 battleaxe of Division {spect, *Slow rN++}
 93348 | Zig:14   | Entered Level 14 of a ziggurat
 93366 | Zig:14   | Gained mutation: You occasionally lose the ability to drink
                  | potions when taking damage. [a shining eye]
 93378 | Zig:14   | Gained mutation: You do not regenerate when monsters are
                  | visible. [a shining eye]
 93378 | Zig:14   | Lost mutation: You are very robust. (+20% HP) [a shining
                  | eye]
 93381 | Zig:14   | Found the +5 lochaber axe {reach-cleave, poleaxe}
 93403 | Zig:14   | Identified the +8 hand axe "Asteu" {speed, Fly Str+2 Dex-2
                  | Stlth+}
 93524 | Zig:15   | Entered Level 15 of a ziggurat
 93540 | Zig:15   | Noticed Poczun the pandemonium lord
 93648 | Depths:3 | Learned a level 6 spell: Dispersal
 93657 | Depths:3 | Learned a level 8 spell: Discord
 93738 | Pan      | Entered Pandemonium
 93789 | Pan      | Lost mutation: You are clumsy. (Dex -2) [potion of
                  | mutation]
 93789 | Pan      | Lost mutation: You do not regenerate when monsters are
                  | visible. [potion of mutation]
 93789 | Pan      | Gained mutation: You passively map a small area around you.
                  | [potion of mutation]
 93789 | Pan      | Gained mutation: You sometimes lose the ability to drink
                  | potions when taking damage. [potion of mutation]
 93789 | Pan      | Gained mutation: You are partially covered in iridescent
                  | scales. (AC +2) [potion of mutation]
 93791 | Pan      | Lost mutation: You are partially covered in iridescent
                  | scales. (AC +2) [potion of mutation]
 93791 | Pan      | Lost mutation: You are robust. (+10% HP) [potion of
                  | mutation]
 93791 | Pan      | Lost mutation: You passively map a small area around you.
                  | [potion of mutation]
 93791 | Pan      | Gained mutation: You occasionally lose the ability to read
                  | scrolls when taking damage. [potion of mutation]
 93791 | Pan      | Gained mutation: Your flesh is heat resistant. (rF+)
                  | [potion of mutation]
 93791 | Pan      | Gained mutation: A frigid envelope surrounds you and
                  | freezes all who hurt you. [potion of mutation]
 93792 | Pan      | Lost mutation: You sometimes lose the ability to drink
                  | potions when taking damage. [potion of mutation]
 93792 | Pan      | Lost mutation: Your flesh is heat resistant. (rF+) [potion
                  | of mutation]
 93792 | Pan      | Gained mutation: You are agile. (Dex +4, Str/Int -1)
                  | [potion of mutation]
 93792 | Pan      | Lost mutation: A frigid envelope surrounds you and freezes
                  | all who hurt you. [potion of mutation]
 93792 | Pan      | Gained mutation: You are very agile. (Dex +8, Str/Int -2)
                  | [potion of mutation]
 93793 | Pan      | Lost mutation: You passively dampen the noise of your
                  | surroundings. [potion of mutation]
 93793 | Pan      | Lost mutation: You are very agile. (Dex +8, Str/Int -2)
                  | [potion of mutation]
 93793 | Pan      | Lost mutation: You are very weak. (Str -4) [potion of
                  | mutation]
 93793 | Pan      | Gained mutation: You have hidden genetic potential. [potion
                  | of mutation]
 93793 | Pan      | Gained mutation: You are dopey. (Int -2) [potion of
                  | mutation]
 93921 | Pan      | Noticed Lidousma the pandemonium lord
 93941 | Pan      | Killed Lidousma the pandemonium lord
 94393 | Pan      | Gained mutation: Your magical capacity is low. (-10% MP) [a
                  | neqoxec]
 94439 | Pan      | Entered the realm of Mnoleg.
 94495 | Pan      | Noticed Mnoleg
 94500 | Pan      | Paralysed by a floating eye for 4 turns
 94507 | Pan      | Gained mutation: Your spells are a little easier to cast,
                  | but a little less powerful. [a cacodemon]
 94514 | Pan      | Killed Mnoleg
 94516 | Pan      | Paralysed by a floating eye for 3 turns
 94516 | Pan      | Gained mutation: Your magical capacity is very low. (-20%
                  | MP) [a neqoxec]
 94523 | Pan      | Lost mutation: You have hidden genetic potential. [a
                  | cacodemon]
 94529 | Pan      | Gained mutation: Armour fits poorly on your strangely
                  | shaped body. [a cacodemon]
 94533 | Pan      | Gained mutation: Your body sometimes deteriorates upon
                  | taking damage. [a shining eye]
 94572 | Pan      | Gained mutation: You sometimes lose your temper in combat.
                  | [a neqoxec]
 94580 | Pan      | Reached skill level 10 in Translocations
 94589 | Pan      | Gained mutation: You are occasionally teleported next to
                  | monsters. [a neqoxec]
 94597 | Pan      | Gained mutation: You have hidden genetic defects. [a
                  | cacodemon]
 94599 | Pan      | Lost mutation: Armour fits poorly on your strangely shaped
                  | body. [potion of mutation]
 94599 | Pan      | Lost mutation: You occasionally lose the ability to read
                  | scrolls when taking damage. [potion of mutation]
 94599 | Pan      | Lost mutation: You are occasionally teleported next to
                  | monsters. [potion of mutation]
 94599 | Pan      | Lost mutation: You have hidden genetic defects. [potion of
                  | mutation]
 94608 | Pan      | Gained mutation: You occasionally lose the ability to read
                  | scrolls when taking damage. [a cacodemon]
 94933 | Pan      | Identified the +1 leather armour of the Saviour {-Cast
                  | rPois rC+ rCorr}
 95013 | Pan      | Got a glowing rune of Zot
 95065 | Pan      | Identified the ring "Cekhixoh" {Str+2 Dex+6}
 95272 | Pan      | Identified the +3 leather armour of Absence {rCorr MP-9
                  | Slay+4 Stlth-}
 95275 | Pan      | Noticed Mennas
 95314 | Pan      | Killed Mennas
 95568 | Pan      | Found a huge runed translucent gate.
 95576 | Pan      | Found a huge runed translucent gate.
 95577 | Pan      | Found a huge runed translucent gate.
 95578 | Pan      | Found a huge runed translucent gate.
 95578 | Pan      | Found a huge runed translucent gate.
 95692 | Pan      | Found a huge runed translucent gate.
 95693 | Pan      | Found a huge runed translucent gate.
 95700 | Pan      | Noticed Iheqid the pandemonium lord
 95718 | Pan      | Killed Iheqid the pandemonium lord
 95748 | Pan      | Found a transporter.
 95799 | Pan      | Found a transporter.
 95818 | Pan      | Gained mutation: Your body often deteriorates upon taking
                  | damage. [a cacodemon]
 95833 | Pan      | Gained mutation: You expend magic power (3 MP) to
                  | strengthen your wands. [a cacodemon]
 95836 | Pan      | Gained mutation: You do not regenerate when monsters are
                  | visible. [a cacodemon]
 95837 | Pan      | Gained mutation: You sometimes lose the ability to read
                  | scrolls when taking damage. [a cacodemon]
 95881 | Pan      | Identified the +2 ring mail of Hoinnofui {rElec rF- Regen+}
 95892 | Pan      | Identified the ring "Ottuneo" {Ice rN+ Dex+4}
 95970 | Pan      | Gained mutation: You occasionally shout uncontrollably at
                  | your foes. [a neqoxec]
 96478 | Pan      | Lost mutation: You occasionally shout uncontrollably at
                  | your foes. [potion of mutation]
 96478 | Pan      | Lost mutation: You expend magic power (3 MP) to strengthen
                  | your wands. [potion of mutation]
 96478 | Pan      | Gained mutation: Your flesh is heat resistant. (rF+)
                  | [potion of mutation]
 96478 | Pan      | Gained mutation: You have large cloven feet. [potion of
                  | mutation]
 96479 | Pan      | Lost mutation: You occasionally lose the ability to drink
                  | potions when taking damage. [potion of mutation]
 96479 | Pan      | Lost mutation: Your spells are a little easier to cast, but
                  | a little less powerful. [potion of mutation]
 96479 | Pan      | Lost mutation: You sometimes lose your temper in combat.
                  | [potion of mutation]
 96479 | Pan      | Lost mutation: You do not regenerate when monsters are
                  | visible. [potion of mutation]
 96479 | Pan      | Gained mutation: You have hoof-like feet. [potion of
                  | mutation]
 96607 | Pan      | Noticed Mihaunog the pandemonium lord
 96620 | Pan      | Killed Mihaunog the pandemonium lord
 96642 | Pan      | Gained mutation: You are frail. (-10% HP) [a cacodemon]
 96667 | Pan      | Reached skill level 25 in Invocations
 97078 | Pan      | Identified the +4 ring mail of the Fletcher {Str+3 Stlth+}
 97080 | Pan      | Entered the realm of Cerebov.
 97252 | Pan      | Reached skill level 15 in Hexes
 98005 | Pan      | Found the +6 sword of Cerebov {flame}
 98005 | Pan      | Noticed Cerebov
 98048 | Pan      | Lost mutation: Your magical capacity is very low. (-20% MP)
                  | [potion of mutation]
 98048 | Pan      | Lost mutation: You sometimes lose the ability to read
                  | scrolls when taking damage. [potion of mutation]
 98048 | Pan      | Lost mutation: You occasionally lose the ability to read
                  | scrolls when taking damage. [potion of mutation]
 98048 | Pan      | Lost mutation: Your body often deteriorates upon taking
                  | damage. [potion of mutation]
 98048 | Pan      | Lost mutation: Your magical capacity is low. (-10% MP)
                  | [potion of mutation]
 98235 | Pan      | Identified the +2 dagger "Ziecker" {vorpal, rF+ rCorr
                  | Str-3}
 98338 | Pan      | Identified the +8 sling "Tonabb" {speed, rElec rPois Dex-2}
 98374 | Pan      | Killed Cerebov
 98386 | Pan      | Got a fiery rune of Zot
 98623 | Pan      | Identified the amulet of Isuy {Reflect rF+ Will+ Regen+
                  | Str+2 Dex-5 SH+5}
 98675 | Pan      | Found a white marble altar of Elyvilon.
 98971 | Pan      | Reached skill level 26 in Invocations
 99949 | Pan      | Found a glowing silver altar of Zin.
100847 | Pan      | Noticed a seraph
100867 | Pan      | Killed a seraph
100928 | Pan      | Found a glowing golden altar of the Shining One.
100986 | Pan      | Identified the +4 ring mail "Qokik" {Drain rC- Will+++
                  | rCorr}
100988 | Pan      | Got a demonic rune of Zot
101033 | Pan      | Identified the +8 glaive "Gyegiopaga" {vorpal, rPois rF-
                  | Will+++ Int-3}
101293 | Pan      | Found an exit through the horrors of the Abyss.
101340 | Pan      | Noticed Kafeq the pandemonium lord
101353 | Pan      | Killed Kafeq the pandemonium lord
101411 | Pan      | Identified the +4 whip of Sizemaxump {flame, Fragile Str+2
                  | Int+4 Dex+4}
101469 | Pan      | Lost mutation: You are agile. (Dex +4, Str/Int -1) [a
                  | cacodemon]
102146 | Pan      | Noticed Aqosem the pandemonium lord
102160 | Pan      | Killed Aqosem the pandemonium lord
102296 | Pan      | Reached skill level 15 in Translocations
102307 | Pan      | Learned a level 8 spell: Disjunction
102972 | Pan      | Noticed Tyluir the pandemonium lord
103145 | Pan      | Killed Tyluir the pandemonium lord
103205 | Pan      | Identified the +1 chain mail of Camae {+Blink Regen+}
103275 | Pan      | Found a runed translucent door.
103563 | Pan      | Acquired 947 gold pieces
104154 | Pan      | Entered the realm of Gloorx Vloq.
104263 | Pan      | Reached skill level 27 in Invocations
104365 | Pan      | Found an exit through the horrors of the Abyss.
104913 | Pan      | Noticed Gloorx Vloq
104937 | Pan      | Killed Gloorx Vloq
104991 | Pan      | Got a dark rune of Zot
105129 | Pan      | Entered the realm of Lom Lobon.
105210 | Pan      | Found an exit through the horrors of the Abyss.
105413 | Pan      | Noticed Lom Lobon
105704 | Pan      | Noticed Ignacio
105714 | Pan      | Killed Ignacio
106680 | Pan      | Got a magical rune of Zot
106727 | Pan      | Killed Lom Lobon
106894 | Pan      | Took an exit into the Abyss.
106894 | Abyss:4  | Escaped into the Abyss
106897 | Abyss:4  | Found a corrupted altar of Lugonu.
106904 | Depths:2 | Escaped the Abyss
107257 | Tomb:1   | Entered Level 1 of the Tomb of the Ancients
107715 | Tomb:1   | Noticed a royal mummy
107743 | Tomb:1   | Killed a royal mummy
107995 | Tomb:1   | Noticed a royal mummy
108004 | Tomb:1   | Killed a royal mummy
108247 | Tomb:2   | Noticed a royal mummy
108248 | Tomb:2   | Noticed a royal mummy
108254 | Tomb:2   | Noticed a royal mummy
108256 | Tomb:2   | Noticed a royal mummy
108409 | Tomb:2   | Killed a royal mummy
108412 | Tomb:2   | Killed a royal mummy
108412 | Tomb:2   | Killed a royal mummy
108418 | Tomb:2   | Killed a royal mummy
108761 | Tomb:1   | Noticed a royal mummy
108769 | Tomb:1   | Killed a royal mummy
108782 | Tomb:1   | Noticed a royal mummy
108811 | Tomb:1   | Killed a royal mummy
108818 | Tomb:1   | Noticed a royal mummy
108834 | Tomb:1   | Killed a royal mummy
108880 | Tomb:1   | Noticed a royal mummy
108897 | Tomb:1   | Killed a royal mummy
108924 | Tomb:1   | Noticed a royal mummy
108929 | Tomb:1   | Noticed a royal mummy
108932 | Tomb:1   | Killed a royal mummy
108940 | Tomb:1   | Killed a royal mummy
108951 | Tomb:1   | Noticed a royal mummy
108955 | Tomb:1   | Noticed a royal mummy
108958 | Tomb:1   | Killed a royal mummy
108967 | Tomb:1   | Killed a royal mummy
108969 | Tomb:1   | Noticed a royal mummy
108974 | Tomb:1   | Killed a royal mummy
108985 | Tomb:1   | Noticed a royal mummy
108995 | Tomb:1   | Killed a royal mummy
109158 | Tomb:3   | Entered Level 3 of the Tomb of the Ancients
109198 | Tomb:3   | Noticed a royal mummy
109200 | Tomb:3   | Noticed a royal mummy
109216 | Tomb:3   | Found the +3 pair of mountain boots {steadfast, rC+}
109223 | Tomb:3   | Noticed a royal mummy
109387 | Tomb:3   | Noticed a royal mummy
109392 | Tomb:3   | Noticed a royal mummy
109394 | Tomb:3   | Noticed a royal mummy
109401 | Tomb:3   | Noticed a royal mummy
109404 | Tomb:3   | Killed a royal mummy
109410 | Tomb:3   | Killed a royal mummy
109514 | Tomb:3   | Killed a royal mummy
109514 | Tomb:3   | Noticed a royal mummy
109523 | Tomb:3   | Killed a royal mummy
109524 | Tomb:3   | Killed a royal mummy
109525 | Tomb:3   | Killed a royal mummy
109530 | Tomb:3   | Killed a royal mummy
109538 | Tomb:3   | Killed a royal mummy
109591 | Tomb:3   | Found the +5 robe of Misfortune {Harm *Corrode *Slow EV+5}
109634 | Tomb:3   | Identified the +7 glaive of the Nurturing Dove {antimagic,
                  | +Blink rN+ Str-2}
109655 | Tomb:3   | Identified the +6 giant spiked club "Arujed" {protect,
                  | rPois Str+7}
109662 | Tomb:3   | Identified the ring "Tiem" {Ice rN+ rCorr Int+5 Dex-3}
109686 | Tomb:3   | Identified the +1 pair of gloves of the Weak God {Rampage
                  | rF+ Int-5}
109704 | Tomb:3   | Identified the +9 great mace "Xesayd" {vorpal, Int+2}
109826 | Tomb:3   | Identified the +6 short sword of the Hurtling Gods {vorpal,
                  | Str+5 Int+2}
109847 | Tomb:3   | Identified the +8 giant spiked club of Evisceration
                  | {vorpal, rN+ Will++}
109921 | Tomb:3   | Noticed a royal mummy
109937 | Tomb:3   | Killed a royal mummy
109941 | Tomb:3   | Got a golden rune of Zot
110563 | Zot:5    | Entered Level 5 of the Realm of Zot
110593 | Zot:5    | Noticed an orb of fire
110593 | Zot:5    | Gained mutation: You are very dopey. (Int -4) [an orb of
                  | fire]
110593 | Zot:5    | Gained mutation: You sometimes lose your temper in combat.
                  | [an orb of fire]
110597 | Zot:5    | Gained mutation: Armour fits poorly on your strangely
                  | shaped body. [an orb of fire]
110599 | Zot:5    | Gained mutation: Your body often deteriorates upon taking
                  | damage. [an orb of fire]
110605 | Zot:5    | Gained mutation: You are occasionally teleported next to
                  | monsters. [an orb of fire]
110610 | Zot:5    | Killed an orb of fire
110654 | Zot:5    | Lost mutation: Your body often deteriorates upon taking
                  | damage. [potion of mutation]
110654 | Zot:5    | Lost mutation: You are frail. (-10% HP) [potion of
                  | mutation]
110654 | Zot:5    | Lost mutation: You are occasionally teleported next to
                  | monsters. [potion of mutation]
110654 | Zot:5    | Gained mutation: You have an increased reservoir of magic.
                  | (+10% MP) [potion of mutation]
110655 | Zot:5    | Lost mutation: You have an increased reservoir of magic.
                  | (+10% MP) [potion of mutation]
110655 | Zot:5    | Lost mutation: You have hoof-like feet. [potion of
                  | mutation]
110655 | Zot:5    | Lost mutation: You are very dopey. (Int -4) [potion of
                  | mutation]
110655 | Zot:5    | Lost mutation: You sometimes lose your temper in combat.
                  | [potion of mutation]
110655 | Zot:5    | Gained mutation: You are frail. (-10% HP) [potion of
                  | mutation]
110655 | Zot:5    | Gained mutation: Your movements are slightly less
                  | encumbered by armour. (ER -2) [potion of mutation]
110786 | Zot:5    | Noticed an ancient lich
110793 | Zot:5    | Killed an ancient lich
110802 | Zot:5    | Noticed an orb of fire
110804 | Zot:5    | Gained mutation: Your magical capacity is low. (-10% MP)
                  | [an orb of fire]
110806 | Zot:5    | Lost mutation: You have large cloven feet. [an orb of fire]
110809 | Zot:5    | Noticed an orb of fire
110812 | Zot:5    | Gained mutation: Your magical capacity is very low. (-20%
                  | MP) [an orb of fire]
110813 | Zot:5    | Noticed an orb of fire
110817 | Zot:5    | Killed an orb of fire
110818 | Zot:5    | Noticed an orb of fire
110820 | Zot:5    | Killed an orb of fire
110831 | Zot:5    | Killed an orb of fire
110836 | Zot:5    | Noticed a dread lich
110846 | Zot:5    | Killed an orb of fire
110855 | Zot:5    | Killed a dread lich
111107 | Zot:5    | Got the Orb of Zot
111731 | Zig:1    | Entered Level 1 of a ziggurat
111757 | Zig:2    | Entered Level 2 of a ziggurat
111758 | Zig:2    | Noticed Aheecug the pandemonium lord
111771 | Zig:2    | Killed Aheecug the pandemonium lord
111793 | Zig:3    | Entered Level 3 of a ziggurat
111808 | Zig:3    | Gained mutation: You are very dopey. (Int -4) [a neqoxec]
111837 | Zig:4    | Entered Level 4 of a ziggurat
111900 | Zig:5    | Entered Level 5 of a ziggurat
111906 | Zig:5    | Paralysed by a wendigo for 1 turns
111925 | Zig:5    | Identified the +4 spear "Xoinuted" {venom, rElec rCorr
                  | Int-2 Dex+3}
111931 | Zig:6    | Entered Level 6 of a ziggurat
111936 | Zig:6    | Found the +8 Vampire's Tooth {vamp}
111987 | Zig:7    | Entered Level 7 of a ziggurat
112024 | Zig:7    | Identified the +3 scale mail "Viygruot" {Contam Fly Stlth+}
112028 | Zig:8    | Entered Level 8 of a ziggurat
112056 | Zig:8    | Identified the amulet of Eternal Night {Reflect Fly rC+ rN+
                  | Dex+3 SH+5}
112063 | Zig:8    | Identified the +4 arbalest "Afonasugg" {penet, rElec Will+
                  | Str+2 Int+4}
112081 | Zig:9    | Entered Level 9 of a ziggurat
112119 | Zig:9    | Identified the +2 ring mail of Filth {rPois rCorr}
112130 | Zig:9    | Identified the ring of Recklessness {Str+6 SInv}
112138 | Zig:10   | Entered Level 10 of a ziggurat
112147 | Zig:10   | Noticed Fuukal the pandemonium lord
112159 | Zig:10   | Killed Fuukal the pandemonium lord
112180 | Zig:10   | Identified the +1 dagger "Murmur" {holy, *Rage +Blink Str+4
                  | Dex+4}
112200 | Zig:10   | Identified the ring "Kicealuj" {Drain rPois rF- rN++ Int+2
                  | Slay+3}
112213 | Zig:11   | Entered Level 11 of a ziggurat
112278 | Zig:11   | Identified the ring of Exe Tisch {rN+ Str+5 Dex-3}
112300 | Zig:12   | Entered Level 12 of a ziggurat
112335 | Zig:12   | Noticed Haoqey Ligy the pandemonium lord
112335 | Zig:12   | Noticed an ancient lich
112339 | Zig:12   | Killed an ancient lich
112348 | Zig:12   | Killed Haoqey Ligy the pandemonium lord
112360 | Zig:12   | Identified the +6 shortbow "Hager" {vorpal, Will+ Dex+4}
112362 | Zig:12   | Identified the amulet "Inai" {RegenMP rElec rF+ rC+ Int-4}
112383 | Zig:12   | Noticed Nimett the pandemonium lord
112385 | Zig:13   | Entered Level 13 of a ziggurat
112403 | Zig:13   | Noticed Rabaesoth the pandemonium lord
112416 | Zig:13   | Killed Rabaesoth the pandemonium lord
112473 | Zig:13   | Identified the +4 leather armour "Wyutirgh" {Int+3 Dex+3}
112523 | Zig:14   | Entered Level 14 of a ziggurat
112553 | Zig:14   | Paralysed by a floating eye for 4 turns
112564 | Zig:14   | Noticed Rottinn the pandemonium lord
112577 | Zig:14   | Killed Rottinn the pandemonium lord
112616 | Zig:14   | Identified the amulet of Activism {Faith Fragile rElec
                  | Regen+}
112653 | Zig:14   | Identified the +2 robe of the Hanged Man {Will++ Dex-3}
112662 | Zig:14   | Learned a level 2 spell: Wereblood
112680 | Zig:15   | Entered Level 15 of a ziggurat
112691 | Zig:15   | Noticed a dread lich
112707 | Zig:15   | Killed a dread lich
112757 | Zig:15   | Identified the +1 chain mail "Ustruo Xyvy" {Regen+ Dex+4}
112786 | Zig:16   | Entered Level 16 of a ziggurat
112810 | Zig:16   | Noticed a royal mummy
112820 | Zig:16   | Killed a royal mummy
112859 | Zig:16   | Got Ganaw's Quarto of Iron Damage Dealing
112864 | Zig:16   | Identified the +3 hand axe of Annihilation {flame, *Noise
                  | Fly rF+ rN+ Dex+6}
112878 | Zig:16   | Learned a level 8 spell: Ignition
112879 | Zig:17   | Entered Level 17 of a ziggurat
112898 | Zig:17   | Lost mutation: Your movements are slightly less encumbered
                  | by armour. (ER -2) [a shining eye]
112960 | Zig:17   | Identified the ring "Gezallireph" {MP+9 Int+4}
112977 | Zig:17   | Identified the ring "Vuny" {rElec Will+ Str+6 Dex+4}
112983 | Zig:18   | Entered Level 18 of a ziggurat
113001 | Zig:18   | Reached skill level 10 in Transmutations
113003 | Zig:18   | Noticed Hionoc the pandemonium lord
113010 | Zig:18   | Noticed Boris
113016 | Zig:18   | Killed Hionoc the pandemonium lord
113019 | Zig:18   | Killed Boris
113022 | Zig:18   | Noticed Jimipoifunk the pandemonium lord
113035 | Zig:18   | Killed Jimipoifunk the pandemonium lord
113065 | Zig:18   | Identified the amulet of Spite {Spirit rCorr}
113069 | Zig:18   | Identified the +8 arbalest of the Riding Lamprey {elec,
                  | rElec Will- Str+8 Dex-4}
113099 | Zig:19   | Entered Level 19 of a ziggurat
113173 | Zig:19   | Got Sif Muna's Directory of Leadership and Enchantment
113190 | Zig:19   | Identified the +1 robe "Cuixt" {Rampage MP+9 Str+6}
113200 | Zig:19   | Noticed Qaskao the pandemonium lord
113213 | Zig:19   | Killed Qaskao the pandemonium lord
113231 | Zig:19   | Identified the +5 scale mail of Mirth {Stlth+}
113243 | Zig:20   | Entered Level 20 of a ziggurat
113244 | Zig:20   | Noticed Motish the pandemonium lord
113253 | Zig:20   | Killed Motish the pandemonium lord
113284 | Zig:20   | Gained mutation: You have hidden genetic defects. [a
                  | cacodemon]
113288 | Zig:20   | Gained mutation: Your body often deteriorates upon taking
                  | damage. [a cacodemon]
113296 | Zig:20   | Noticed Nirej the pandemonium lord
113313 | Zig:20   | Killed Nirej the pandemonium lord
113348 | Zig:20   | Gained mutation: You occasionally lose the ability to drink
                  | potions when taking damage. [hidden defects]
113352 | Zig:20   | Lost mutation: Your magical capacity is very low. (-20% MP)
                  | [potion of mutation]
113352 | Zig:20   | Lost mutation: You occasionally lose the ability to drink
                  | potions when taking damage. [potion of mutation]
113352 | Zig:20   | Lost mutation: You have hidden genetic defects. [potion of
                  | mutation]
113352 | Zig:20   | Lost mutation: Your magical capacity is low. (-10% MP)
                  | [potion of mutation]
113353 | Zig:20   | Lost mutation: You are very dopey. (Int -4) [potion of
                  | mutation]
113353 | Zig:20   | Lost mutation: You are weak. (Str -2) [potion of mutation]
113353 | Zig:20   | Lost mutation: You are dopey. (Int -2) [potion of mutation]
113359 | Zig:20   | Found the amulet of Vitality {RegenMP++ Regen++}
113368 | Zig:20   | Identified the +1 hand crossbow "Teczeukh" {venom, +Blink
                  | rC+ rCorr}
113406 | Zig:20   | Identified the ring of Hautopoa {Int-2 Dex+4 SInv}
113414 | Zig:21   | Entered Level 21 of a ziggurat
113443 | Zig:21   | Noticed CoolPlay's ghost (legendary MeEE)
113443 | Zig:21   | Noticed thechecker02's ghost (master DDFi)
113444 | Zig:21   | Noticed Diezoyro's ghost (legendary DDNe)
113444 | Zig:21   | Noticed dunno567's ghost (legendary GnWr)
113445 | Zig:21   | Noticed dunno567's ghost (veteran DsCj)
113445 | Zig:21   | Noticed Ashen's ghost (legendary DsFE)
113445 | Zig:21   | Noticed Kucykkydd's ghost (legendary MiFi)
113445 | Zig:21   | Noticed Nicoed's ghost (veteran MiFi)
113445 | Zig:21   | Noticed Motirgh's ghost (legendary DgHW)
113446 | Zig:21   | Noticed p0werm0de's ghost (adept PaIE)
113446 | Zig:21   | Noticed ioannis32's ghost (veteran DsBe)
113455 | Zig:21   | Killed ioannis32's ghost
113457 | Zig:21   | Killed Nicoed's ghost
113458 | Zig:21   | Killed dunno567's ghost
113469 | Zig:21   | Killed Kucykkydd's ghost
113471 | Zig:21   | Killed p0werm0de's ghost
113472 | Zig:21   | Killed CoolPlay's ghost
113473 | Zig:21   | Killed Ashen's ghost
113476 | Zig:21   | Killed thechecker02's ghost
113483 | Zig:21   | Killed Diezoyro's ghost
113487 | Zig:21   | Killed Motirgh's ghost
113489 | Zig:21   | Killed from afar by dunno567's ghost

Illustrated notes

Levels and vault maps discovered:
D:1:      saegor_arrival_simple_e, layout_rooms,
          shapermc_ecumenical_altar_pompeii, st_stairs_1, minmay_octomino_e4
D:2:      layout_loops_corners, uniq_crazy_yiuf_cottage
D:3:      layout_basic, gup_sewer_entry_bowl
D:4:      layout_layer_cave, nicolae_overflow_squiral,
          minmay_temple_entry_trees, corexii_checkpoint_a,
          kennysheep_generic_room_8, uniq_robin, uniq_sigmund, uniq_ijyb
D:5:      layout_gridville, ashenzari_altar_1, nemelex_spade_bored_becter
D:6:      layout_loops_ring, nicolae_sif_muna_condensation
D:7:      layout_basic, mainiacjoe_overflow_surrounded_room,
          mainiacjoe_overflow_chevrons,
          mainiacjoe_overflow_concentric_impassable, enter_bailey_2,
          kennysheep_cluttered_room
D:8:      layout_loops_corners, kennysheep_mini
D:9:      layout_stronghold, dpeg_oklobed_lair, uniq_erica, uniq_harold
D:10:     layout_loops_ring, kennysheep_ying_yang, chequers_big_river,
          minmay_microvault
D:11:     layout_loops_ring, david_orc_4
D:12:     layout_irregular_city, gammafunk_ghost_hydra_chop, serial_undead,
          serial_undead_f, serial_undead_f, serial_undead_d, serial_undead_b,
          st_stairs_2, nicolae_yredelemnul_ghost_church, uniq_frances
D:13:     minmay_the_grid_3x2 [minmay_the_grid_mess, minmay_the_grid_plusring,
          minmay_the_grid_minigrid_small_alt, minmay_the_grid_holed_spiral,
          minmay_the_grid_garden, minmay_the_grid_prize_big_room],
          layout_layer_cave, serial_ice, serial_ice_a, serial_ice_d,
          serial_ice_e, serial_ice_c, portal_ice_cave_entry_imps
D:14:     minmay_distorted_concentric_squares, layout_irregular_city,
          david_vaults_4, dreamdust_princess_bridge, grunt_ministairs_14,
          uniq_louise
D:15:     grunt_enter_depths_giant_problem, layout_irregular_city,
          minmay_curled_crystal, fedhas_altar_1
Temple:   bh_familiar_temple
Lair:1:   layout_regular_city, chequers_serial_rivers_small_3,
          serial_bayou_shore_a
Lair:2:   layout_regular_city, elwin_shoals_entry_rocks,
          gammafunk_ghost_wrathful_warriors, uniq_fannar
Lair:3:   layout_layer_cave, dummy_snake_entry
Lair:4:   layout_layer_cave, nicolae_slime_entry_slimehenge, enter_volcano_3,
          infiniplex_staircase_pool, grunt_megastairs_5, uniq_josephine
Lair:5:   minmay_lair_end_frog_pond, layout_layer_cave,
          amcnicky_mini_pool_medium, serial_bayou_shore_b, uniq_snorg
Shoals:1: layout_shoals, uniq_mlioglotl, uniq_donald
Shoals:2: layout_shoals, nicolae_shop_self_help
Shoals:3: layout_shoals, serial_shops, shop, uniq_polyphemus
Shoals:4: shoals_end_grunt_ice, layout_shoals, serial_shops, bzr_entry_road,
          nicolae_shoals_lost_giant_amphitheater, uniq_roxanne
Snake:1:  layout_layer_cave, special_room, nicolae_snake_guarding_the_ruins
Snake:2:  layout_layer_cave, grunt_ministairs_8
Snake:3:  layout_grid_maze, ebering_ghost_gozag, serial_shops,
          nicolae_shop_trees, nicolae_snake_squiggles
Snake:4:  grunt_snake_rune_serpentine_throne, layout_cave_town, basic_altar,
          st_stairs_12, abandoned_shop
Slime:1:  layout_caves
Slime:2:  layout_caves, basic_altar, nicolae_slime_phagocytosis
Slime:3:  layout_caves
Slime:4:  layout_caves
Slime:5
Orc:1:    layout_diamond_mine
Orc:2:    grunt_orc_gardens, layout_caves, grunt_orc_garden, grunt_orc_garden,
          grunt_orc_garden, grunt_orc_garden, nicolae_orc_lost_temple
Elf:1:    eino_elf_arrival_altar, layout_onion_city, basic_altar,
          hangedman_research_pyrotechnics, uniq_aizul
Elf:2:    elven_hall_of_blades_hangedman_original [nicolae_blade_little_rooms],
          layout_onion_city
Elf:3:    grunt_elf_hall_branching, layout_geoelf_octagon, serial_shops,
          nicolae_shop_crystal, ebering_ghost_xom, nicolae_elf_archery_training
Vaults:1: portal_desolation_entry_nicolae_nacl, st_more_cells,
          hangedman_vaults_restitches, vaults_room_door_hall,
          nicolae_vaults_little_squares_3, vaults_dpeg_ring,
          nicolae_vaults_mini_display_case, layout_vaults_chaotic_city
Vaults:2: v_pattern_1, ontoclasm_vaults_loading_screen, v_misc_23,
          vaults_dpeg_encased_lava, grunt_vaults_diagonal,
          vaults_mumra_minichess, v_rooms_2, hangedman_vaults_variations,
          hangedman_vaults_restitches, ontoclasm_vaults_chip,
          nicolae_vaults_ring_of_whatevers, v_misc_8, layout_vaults_ring,
          serial_shops, shop, uniq_nikola, uniq_margery
Vaults:3: lightli_enter_wizlab_magi_temple, vaults_mumra_chevron_long,
          minmay_crypt_entry_simple_round, nicolae_vaults_network_periphery,
          nicolae_vaults_little_squares_3, layout_vaults_omnigrid, serial_shops,
          shop
Vaults:4: nicolae_vaults_theta, ontoclasm_vaults_gateway,
          ontoclasm_vaults_bender, v_misc_10, st_cross, v_misc_9,
          vaults_mumra_chevron, nicolae_vaults_twisting_passages,
          nicolae_vaults_angled_halls, vaults_room_door_ring,
          nicolae_vaults_angled_halls, nicolae_vaults_circle_grid_b,
          layout_vaults_maze_bifur, serial_shops, nicolae_shop_stone
Vaults:5
Crypt:1:  layout_misc_corridors, uniq_grunn, uniq_boris
Crypt:2:  layout_rooms, minmay_misc_feat_ornament
Crypt:3:  evilmike_haunted_forest, uniq_xtahua, uniq_bai_suzhen
Tomb:1
Tomb:2
Tomb:3
Depths:1: layout_basic, grunt_hell_entry_dis_grunt, gammafunk_ghost_grave,
          okawaru_ov_weapons_minmay, chequers_serial_rivers_marsh, st_stairs_5,
          minmay_misc_feat_chi, guppyfry_shop_venom
Depths:2: pf_snail_temple, layout_cross, hellmonk_ghost_happy_afterlife,
          pf_hell_entry_great_geh, nicolae_dithmenos_through_a_glass_darkly,
          rand_demon_pan_entry_9
Depths:3: cross_vault, layout_cave_shapes, enter_ziggurat_c, hell_entry,
          abyss_entry, corexii_hall_statues_x, uniq_vv, uniq_josephina
Depths:4: evilmike_zot_entry_castle, layout_basic, skrybe_limestone_x,
          hell_entry, pan_entry, chequers_decorated_corner, grunt_ministairs_13
Hell
Dis:1:    layout_subdivisions
Dis:2:    layout_regular_city
Dis:3:    layout_gridville, nicolae_hells_fiendish_ambush
Dis:4:    layout_overlapping_boxes, hangedman_dis_chains
Dis:5:    layout_subdivisions, nicolae_dis_step_into_the_octagon
Dis:6:    layout_subdivisions, nicolae_dis_emergency_hatch
Dis:7:    dis_st
Geh:1:    layout_gehenna_lava_caves
Geh:2:    layout_gehenna_pools_triple
Geh:3:    layout_gehenna_pools_basic, nicolae_geh_liches_on_tour
Geh:4:    layout_gehenna_lava_caves
Geh:5:    layout_gehenna_pools_box
Geh:6:    nicolae_geh_gridlava [nicolae_sub_geh_gridintersect,
          nicolae_sub_geh_gridintersect, nicolae_sub_geh_gridintersect,
          nicolae_sub_geh_gridintersect], layout_gehenna_pools_basic
Geh:7:    geh_mu
Coc:1:    layout_cocytus_water_paths
Coc:2:    layout_cocytus_water_paths
Coc:3:    layout_ice_bergs
Coc:4:    layout_ice_bergs
Coc:5:    layout_ice_bergs
Coc:6:    layout_ice_bergs
Coc:7:    coc_grunt
Tar:1:    layout_honeycomb, nicolae_tar_just_some_guys
Tar:2:    layout_cathedral_of_symmetry, nicolae_tar_cuneiform_to_be
Tar:3:    layout_grid_maze, nicolae_tar_cuneiform_bird,
          nicolae_hells_leichenhalle
Tar:4:    layout_cathedral_of_symmetry, nicolae_tar_cuneiform_sun
Tar:5:    layout_cathedral_of_symmetry, nicolae_tar_cuneiform_oil
Tar:6:    layout_grid_maze
Tar:7:    tar_mu [tar_mu_maze]
Zot:1:    kennysheep_room_grid, layout_twisted_circle
Zot:2:    layout_basic, st_single_dragon_hoard_4, hangedman_feature_mirror,
          uniq_parghit
Zot:3:    layout_gridville, hangedman_xom_zot_hilarity
Zot:4:    lemuel_draconian_sentries_small, layout_basic, bh_zot_lava_cross,
          grunt_megastairs_2, uniq_tiamat
Zot:5:    layout_basic
Zig:21

Skill      XL: |  1  2  3  4  5  6  7  8  9 10 11 12 13 14 15 16 17 18 19 20 21 22 23 24 25 26 27 |
---------------+----------------------------------------------------------------------------------+-----
Axes           | 2 3 4 5 6 8 9 11 12 13 15 16 18 19 26 | 26.0
Armour         | 2 3 4 5 6 8 9 10 11 12 13 14 15 16 17 18 19 20 22 | 22.0
Translocations | 3 4 5 6 7 8 18 | 18.0
Fighting       | 3 4 5 7 9 10 11 12 13 14 15 16 17 18 23 | 23.5
Shields        | 1 2 4 5 6 7 8 9 10 11 12 13 14 15 16 17 18 23 | 23.7
Invocations    | 1 2 4 6 7 8 9 10 12 14 15 16 17 18 27 | 27.0
Spellcasting   | 4 5 7 8 9 10 12 13 14 16 25 | 25.0
Dodging        | 3 6 9 10 11 12 13 14 15 16 17 | 17.7
Ice Magic      | 4 6 10 | 10.0
Evocations     | 6 |  6.0
Earth Magic    | 4 5 8 |  8.0
Transmutations | 4 12 | 12.0
Conjurations   | 5 9 12 | 12.0
Fire Magic     | 19 | 19.0
Hexes          | 25 | 25.1
Air Magic      | 11 | 11.7
Throwing       | |  0.8

Action                   |  1- 3 |  4- 6 |  7- 9 | 10-12 | 13-15 | 16-18 | 19-21 | 22-24 | 25-27 || total
-------------------------+-------+-------+-------+-------+-------+-------+-------+-------+-------++-------
Melee: Hand axe          |    88 |   223 |   369 |    42 |     5 |    18 |    49 |     2 |       ||   796
       Punch             |       |     2 |       |       |       |       |       |       |       ||     2
       Broad axe         |       |       |       |   491 |  1089 |  1432 |  1791 |  1592 |  9040 || 15435
       Double sword      |       |       |       |       |       |       |     3 |       |       ||     3
       War axe           |       |       |       |       |       |       |       |       |     5 ||     5
Throw: Dart              |     1 |     1 |    21 |     2 |       |     1 |       |       |     1 ||    27
       Boomerang         |       |       |     2 |       |       |       |       |       |       ||     2
 Cast: Blink             |     1 |       |       |       |       |       |       |     2 |     5 ||     8
       Manifold Assault  |       |       |       |       |       |     8 |     3 |    50 |   117 ||   178
       Ozocubu's Armour  |       |       |       |       |       |     1 |       |       |    64 ||    65
       Passwall          |       |       |       |       |       |       |       |       |     1 ||     1
       Discord           |       |       |       |       |       |       |       |       |    70 ||    70
       Irradiate         |       |       |       |       |       |       |       |       |    63 ||    63
       Conjure Ball Ligh |       |       |       |       |       |       |       |       |    38 ||    38
       Apportation       |       |       |       |       |       |       |       |       |    22 ||    22
       Disjunction       |       |       |       |       |       |       |       |       |    18 ||    18
       Enfeeble          |       |       |       |       |       |       |       |       |    16 ||    16
       Dispersal         |       |       |       |       |       |       |       |       |     9 ||     9
       Ignition          |       |       |       |       |       |       |       |       |     6 ||     6
       Wereblood         |       |       |       |       |       |       |       |       |     4 ||     4
       Iskenderun's Myst |       |       |       |       |       |       |       |       |     3 ||     3
Invok: Divine Shield     |       |       |     1 |     2 |     9 |    20 |    18 |     5 |   105 ||   160
       Summon Divine War |       |       |       |       |       |     1 |       |     2 |     4 ||     7
       Cleansing Flame   |       |       |       |       |       |     1 |     1 |     4 |    66 ||    72
       Brand Weapon With |       |       |       |       |       |     1 |       |       |       ||     1
Evoke: Wand              |       |       |     2 |     6 |       |     3 |     2 |    20 |    17 ||    50
       Tin of tremorston |       |       |       |       |       |       |     1 |     6 |     5 ||    12
       Phantom mirror    |       |       |       |       |       |       |       |     1 |     4 ||     5
       Box of beasts     |       |       |       |       |       |       |       |     1 |       ||     1
       Lightning rod     |       |       |       |       |       |       |       |       |     2 ||     2
       Figurine of a zig |       |       |       |       |       |       |       |       |     1 ||     1
  Use: Potion            |       |       |     6 |     2 |       |     1 |     1 |    19 |    40 ||    69
       Scroll            |       |       |     8 |       |    14 |    16 |     2 |     3 |    29 ||    72
Armor: Leather armour    |    18 |       |       |       |       |       |       |       |       ||    18
       Ring mail         |    21 |   124 |   163 |       |       |       |       |       |       ||   308
       Scale mail        |       |       |       |   312 |    55 |       |       |       |       ||   367
       Chain mail        |       |       |       |       |   425 |   553 |   619 |   567 |   805 ||  2969
       Crystal plate arm |       |       |       |       |       |       |       |       |   374 ||   374
       Robe              |       |       |       |       |       |       |       |       |  1517 ||  1517
Dodge: Dodged            |    54 |   153 |   178 |   152 |   185 |   302 |   365 |   267 |  1663 ||  3319
       Repelled          |       |       |       |       |       |       |       |    18 |   100 ||   118
Block: Buckler           |       |     8 |    62 |   139 |   501 |   454 |       |       |       ||  1164
       Reflection        |       |       |       |     2 |    20 |    89 |    80 |    22 |   293 ||   506
       Kite shield       |       |       |       |       |       |   471 |  1363 |   687 |       ||  2521
       Tower shield      |       |       |       |       |       |       |       |   247 |  9676 ||  9923
